Workbook

Sheet 1 - RESUMO
B2: 1. RESUMO
B4: OBJETO | C4: Contratação emergencial de empresa para a prestação de serviços de coleta domiciliar, urbana e rural, coleta conteinerizada, coleta seletiva de resíduos recicláveis, coleta de óleo saturado de cozinha e respectivos transportes até o destino final | F4: DISPENSA DE LICITAÇÃO Nº 03/2026 | H4: DATA: _____/10/2026
B7: Discriminação dos Serviços (dados referentes à contratação)
B8: A | C8: Contratante | H8: SANEP
B9: B | C9: Município/UF | H9: Pelotas/RS
B10: C | C10: Tipo de Serviço | H10: Serviço de Engenharia
B11: D | C11: Número de meses de execução contratual | H11: 6
B12: E | C12: Estimativa total de contratação para o período | H12: =I20 -> 15249467
B15: ITEM | D15: SERVIÇO | E15: QUANTIDADE MENSAL | F15: UNIDADE | G15: VALOR UNITÁRIO | H15: VALOR MENSAL ESTIMADO | I15: VALOR TOTAL ESTIMADO POR 6 MESES
B16: 1 | D16: Serviços de coleta e transporte de Resíduos Sólidos Domésticos da zona urbana e rural | E16: 4800 | F16: Tonelada | G16: =H16/E16 -> 256.06722 | H16: ='OK 2.1 - COLETA RSD'!K22 -> 1229122.6 | I16: =H16*6 -> 7374735.9
B17: 2 | D17: Serviços de coleta conteinerizada, e de transporte de resíduos sólidos domésticos | E17: 850 | F17: Contêiner | G17: =H17/E17 -> 886.50371 | H17: ='OK 3.1 - COLETA CONTEIN.'!K23 -> 753528.16 | I17: =H17*6 -> 4521168.9
B18: 3 | D18: Serviços de coleta seletiva e transporte de resíduos recicláveis | E18: 7 | F18: Equipe | G18: =H18/E18 -> 70708.302 | H18: ='OK 4.1 - COLETA SELETIVA'!K19 -> 494958.12 | I18: =H18*6 -> 2969748.7
B19: 4 | D19: Serviços de coleta e transporte de óleo saturado de cozinha. | E19: 1 | F19: Serviço | G19: =H19/E19 -> 63968.9 | H19: ='OK 5.1 - COLETA ÓLEOS'!K18 -> 63968.9 | I19: =H19*6 -> 383813.4
B20: TOTAL | H20: =SUM(H16:H19) -> 2541577.8 | I20: =SUM(I16:I19) -> 15249467

Sheet OK 2 - ADM LOCAL - RSD
B2: 2. COMPOSIÇÃO DE CUSTOS COM ADMINISTRAÇÃO LOCAL
B4: ORÇAMENTO SINTÉTICO
B5: DESCRIÇÃO DO ITEM | H5: QUANT. | I5: CUSTO UNITÁRIO MENSAL | K5: CUSTO TOTAL MENSAL
B6: 2.1. | C6: MÃO DE OBRA INDIRETA | H6: =SUM(H7:H18) -> 14 | K6: =SUM(K7:K18) -> 102202.32
B7: 2.1.1. | C7: Gerente Geral | H7: 1 | I7: =K53 -> 12578.929 | K7: =I7*H7 -> 12578.929
B8: 2.1.2. | C8: Encarregado (diurno) | H8: 1 | I8: =K74 -> 10130.566 | K8: =I8*H8 -> 10130.566
B9: 2.1.3. | C9: Encarregado (noturno) | H9: 1 | I9: =K99 -> 11102.638 | K9: =I9*H9 -> 11102.638
B10: 2.1.4. | C10: Auxiliar Administrativo | H10: 1 | I10: =K118 -> 5130.0715 | K10: =I10*H10 -> 5130.0715
B11: 2.1.5. | C11: Mecânico (diurno) | H11: 1 | I11: =K139 -> 6496.3228 | K11: =I11*H11 -> 6496.3228
B12: 2.1.6. | C12: Mecânico (noturno) | H12: 1 | I12: =K164 -> 7070.7016 | K12: =I12*H12 -> 7070.7016
B13: 2.1.7. | C13: Auxiliar de Mecânico (diurno) | H13: 1 | I13: =K185 -> 5926.7079 | K13: =I13*H13 -> 5926.7079
B14: 2.1.8. | C14: Auxiliar de Mecânico (noturno) | H14: 1 | I14: =K210 -> 6591.8172 | K14: =I14*H14 -> 6591.8172
B15: 2.1.9. | C15: Auxiliar de Serviços Gerais | H15: 1 | I15: =K232 -> 5684.6895 | K15: =I15*H15 -> 5684.6895
B16: 2.1.10. | C16: Lavador de Veículos | H16: 1 | I16: =K254 -> 5684.6895 | K16: =I16*H16 -> 5684.6895
B17: 2.1.11. | C17: Vigia (diurno) | H17: 2 | I17: =K276 -> 6121.6611 | K17: =I17*H17 -> 12243.322
B18: 2.1.12. | C18: Vigia (noturno) | H18: 2 | I18: =K302 -> 6780.9312 | K18: =I18*H18 -> 13561.862
B19: 2.2. | C19: UNIFORMES E EPIs | H19: =SUM(H20:H24) -> 14 | K19: =SUM(K20:K24) -> 1072.4033
B20: 2.2.1. | C20: Uniformes e EPIs para Gerente e Auxiliar Administrativo | H20: =H7+H10 -> 2 | I20: =K314 -> 25.710556 | K20: =I20*H20 -> 51.421111
B21: 2.2.2. | C21: Uniformes e EPIs para Encarregado | H21: 2 | I21: =K326 -> 99.687778 | K21: =I21*H21 -> 199.37556
B22: 2.2.3. | C22: Uniformes e EPIs para Mecânico e Auxiliar de Mecânico | H22: 4 | I22: =K340 -> 101.32778 | K22: =I22*H22 -> 405.31111
B23: 2.2.4. | C23: Uniformes e EPIs para Auxiliar de Serviços Gerais e Lavador de Veículos | H23: 2 | I23: =K353 -> 77.268889 | K23: =I23*H23 -> 154.53778
B24: 2.2.5. | C24: Uniformes e EPIs para Vigia | H24: 4 | I24: =K363 -> 65.439444 | K24: =I24*H24 -> 261.75778
B25: 2.3. | C25: VEÍCULOS E EQUIPAMENTOS | H25: =H26 -> 1 | K25: =K457 -> 1806.9872
B26: 2.3.1. | C26: Veículo tipo popular | H26: 1 | I26: =K391+K399+K413+I428+K438+K451 -> 1708.6495 | K26: =I26*H26 -> 1708.6495
B27: 2.4. | C27: DESPESAS ADMINISTRATIVAS | H27: 1 | K27: =K468 -> 17000
B28: 2.5. | C28: BDI | H28: 1 | K28: =K478 -> 33804.296
B29: DESPESAS MENSAIS TOTAIS COM ADMINISTRAÇÃO LOCAL | K29: =K27+K25+K19+K6+K28 -> 155886
B30: DISTRIBUIÇÃO DOS CUSTOS COM ADMINISTRAÇÃO LOCAL POR COLETA | J30: % | K30: R$/MÊS
B31: Coleta de Resíduos Sólidos Domésticos | J31: =I487 -> 0.54885366 | K31: =$K$29*J31 -> 85558.604
B32: TOTAL | J32: =SUM(J31) -> 0.54885366 | K32: =SUM(K31) -> 85558.604
B33: A proporcionalidade utilizada para distribuição dos custos com administração local por tipo de coleta foi calculado com base no histórico de custos do ano de 2025.
B36: 2.1. DETALHAMENTO MÃO DE OBRA INDIRETA
B38: 2.1.1. Gerente Geral
B39: I | C39: Grupo I - Composição da Remuneração | K39: Valor mensal/Posto
B40: I.A | C40: Salário-base mensal | K40: ='6 - DADOS CC MO'!E113 -> 6876.95
C41: TOTAL GRUPO I | K41: =K40 -> 6876.95
B42: II | C42: Grupo II - Encargos Sociais | J42: % | K42: Valor mensal/Posto
B43: II.A | C43: Obrigações Sociais | J43: ='7 - ENCARGOS SOCIAIS'!$D$13 -> 0.368 | K43: =J43*$K$40 -> 2530.7176
B44: II.B | C44: Tempo não trabalhado (reposição de profissional ausente) | J44: ='7 - ENCARGOS SOCIAIS'!$D$21 -> 0.15387245 | K44: =J44*$K$40 -> 1058.1732
B45: II.C | C45: Provisão para rescisão | J45: ='7 - ENCARGOS SOCIAIS'!$D$28 -> 0.12666582 | K45: =J45*$K$40 -> 871.07448
B46: II.D | C46: Reincidências | J46: ='7 - ENCARGOS SOCIAIS'!$D$32 -> 0.059231502 | K46: =J46*$K$40 -> 407.33208
C47: TOTAL GRUPO II | J47: =SUM(J43:J46) -> 0.70776977 | K47: =SUM(K43:K46) -> 4867.2973
B48: III | C48: Grupo III - Demais Custos Relativos à Norma Coletiva ou Disposições Legais | H48: Média/Mês | I48: Custo un. | J48: Desc. (%) | K48: Valor mensal/Posto
B49: III.A | C49: Auxílio-alimentação (Desconto: cláusula 19ª CCT SEEAC-Pel) | H49: 26 | I49: 27.15 | J49: 0.19 | K49: =(H49*I49)-((H49*I49)*J49) -> 571.779
B50: III.B | C50: Vale Transporte (4 Passagens/dia; Desconto: Lei 7.418/1985) | H50: =H49*4 -> 104 | I50: 6.25 | J50: 0.06 | K50: =(H50*I50)-(K40*J50) -> 237.383
B51: III.C | C51: Plano de Benefício Familiar | H51: 1 | I51: 25.52 | K51: =I51 -> 25.52
C52: TOTAL GRUPO III | K52: =SUM(K49:K51) -> 834.682
B53: TOTAL MENSAL POR GERENTE GERAL (GRUPO I+II+III) | K53: =K52+K47+K41 -> 12578.929
B54: TOTAL MENSAL DO EFETIVO | I54: 1 | J54: posto | K54: =K53*I54 -> 12578.929
B56: 2.1.2. Encarregado (diurno)
B57: I | C57: Grupo I - Composição da Remuneração | H57: Quantidade | I57: Unidade | J57: Custo un. | K57: Valor mensal/Posto
B58: I.A | C58: Salário-base mensal | H58: 220 | I58: h | J58: =K58/H58 -> 16.363636 | K58: ='6 - DADOS CC MO'!E102 -> 3600
B59: I.A.1 | C59: Hora extra 100% (feriados) | H59: =7+1/3 -> 7.3333333 | I59: h | J59: =J58*2 -> 32.727273 | K59: =H59*J59 -> 240
B60: I.A.2 | C60: Descanso Semanal Remunerado (DSR) - hora extra | J60: =61/304*(SUM(K59)) -> 48.157895 | K60: =J60 -> 48.157895
B61: I.B | C61: Adicional de Insalubridade | H61: 40 | I61: % | K61: =K58*40% -> 1440
C62: TOTAL GRUPO I | K62: =SUM(K58:K61) -> 5328.1579
B63: II | C63: Grupo II - Encargos Sociais | J63: % | K63: Valor mensal/Posto
B64: II.A | C64: Obrigações Sociais | J64: ='7 - ENCARGOS SOCIAIS'!$D$13 -> 0.368 | K64: =J64*$K$62 -> 1960.7621
B65: II.B | C65: Tempo não trabalhado (reposição de profissional ausente) | J65: ='7 - ENCARGOS SOCIAIS'!$D$21 -> 0.15387245 | K65: =J65*$K$62 -> 819.85672
B66: II.C | C66: Provisão para rescisão | J66: ='7 - ENCARGOS SOCIAIS'!$D$28 -> 0.12666582 | K66: =J66*$K$62 -> 674.89546
B67: II.D | C67: Reincidências | J67: ='7 - ENCARGOS SOCIAIS'!$D$32 -> 0.059231502 | K67: =J67*$K$62 -> 315.5948
C68: TOTAL GRUPO II | J68: =SUM(J64:J67) -> 0.70776977 | K68: =SUM(K64:K67) -> 3771.1091
B69: III | C69: Grupo III - Demais Custos Relativos à Norma Coletiva ou Disposições Legais | H69: Média/Mês | I69: Custo un. | J69: Desc. (%) | K69: Valor mensal/Posto
B70: III.A | C70: Auxílio-alimentação (Desconto: cláusula 19ª CCT SEEAC-Pel) | H70: 26 | I70: 27.15 | J70: 0.19 | K70: =(H70*I70)-((H70*I70)*J70) -> 571.779
B71: III.B | C71: Vale Transporte (4 Passagens/dia; Desconto: Lei 7.418/1985) | H71: =H70*4 -> 104 | I71: 6.25 | J71: 0.06 | K71: =(H71*I71)-(K58*J71) -> 434
B72: III.C | C72: Plano de Benefício Familiar | H72: 1 | I72: 25.52 | K72: =I72 -> 25.52
C73: TOTAL GRUPO III | K73: =SUM(K70:K72) -> 1031.299
B74: TOTAL MENSAL POR ENCARREGADO - DIURNO (GRUPO I+II+III) | K74: =K73+K68+K62 -> 10130.566
B75: TOTAL MENSAL DO EFETIVO | I75: 1 | J75: posto | K75: =K74*I75 -> 10130.566
B77: 2.1.3. Encarregado (noturno)
B78: I | C78: Grupo I - Composição da Remuneração | H78: Quantidade | I78: Unidade | J78: Custo un. | K78: Valor mensal/Posto
B79: I.A | C79: Salário-base mensal | H79: 220 | I79: h | J79: =K79/H79 -> 16.363636 | K79: ='6 - DADOS CC MO'!E102 -> 3600
B80: I.B | C80: Adicional Noturno | H80: =H83*H95 -> 112.66667 | I80: h. trab.
H81: =H80*8/7 -> 128.7619 | I81: h. contab. | J81: =J79*0.2 -> 3.2727273 | K81: =H81*J81 -> 421.4026
B82: I.B.1 | C82: Hora extra 100% (feriados) | H82: =7+1/3-H83 -> 3 | I82: h | J82: =J79*2 -> 32.727273 | K82: =H82*J82 -> 98.181818
B83: I.B.2 | C83: Hora extra noturna 100% (feriado) | H83: =4+1/3 -> 4.3333333 | I83: h
B84: I.B.3 | C84: Hora extra noturna 100% contabilizada | H84: =H83*8/7 -> 4.952381 | I84: h | J84: =J79*2*1.2 -> 39.272727 | K84: =H84*J84 -> 194.49351
B85: I.B.4 | C85: Descanso Semanal Remunerado (DSR) - hora extra | J85: =61/304*(SUM(K81:K84)) -> 143.28537 | K85: =J85 -> 143.28537
B86: I.C | C86: Adicional de Insalubridade | H86: 40 | I86: % | K86: =K79*40% -> 1440
C87: TOTAL GRUPO I | K87: =SUM(K79:K86) -> 5897.3633
B88: II | C88: Grupo II - Encargos Sociais | J88: % | K88: Valor mensal/Posto
B89: II.A | C89: Obrigações Sociais | J89: ='7 - ENCARGOS SOCIAIS'!$D$13 -> 0.368 | K89: =J89*$K$87 -> 2170.2297
B90: II.B | C90: Tempo não trabalhado (reposição de profissional ausente) | J90: ='7 - ENCARGOS SOCIAIS'!$D$21 -> 0.15387245 | K90: =J90*$K$87 -> 907.44175
B91: II.C | C91: Provisão para rescisão | J91: ='7 - ENCARGOS SOCIAIS'!$D$28 -> 0.12666582 | K91: =J91*$K$87 -> 746.99433
B92: II.D | C92: Reincidências | J92: ='7 - ENCARGOS SOCIAIS'!$D$32 -> 0.059231502 | K92: =J92*$K$87 -> 349.30969
C93: TOTAL GRUPO II | J93: =SUM(J89:J92) -> 0.70776977 | K93: =SUM(K89:K92) -> 4173.9755
B94: III | C94: Grupo III - Demais Custos Relativos à Norma Coletiva ou Disposições Legais | H94: Média/Mês | I94: Custo un. | J94: Desc. (%) | K94: Valor mensal/Posto
B95: III.A | C95: Auxílio-alimentação (Desconto: cláusula 19ª CCT SEEAC-Pel) | H95: 26 | I95: 27.15 | J95: 0.19 | K95: =(H95*I95)-((H95*I95)*J95) -> 571.779
B96: III.B | C96: Vale Transporte (4 Passagens/dia; Desconto: Lei 7.418/1985) | H96: =H95*4 -> 104 | I96: 6.25 | J96: 0.06 | K96: =(H96*I96)-(K79*J96) -> 434
B97: III.C | C97: Plano de Benefício Familiar | H97: 1 | I97: 25.52 | K97: =I97 -> 25.52
C98: TOTAL GRUPO III | K98: =SUM(K95:K97) -> 1031.299
B99: TOTAL MENSAL POR ENCARREGADO - NOTURNO (GRUPO I+II+III) | K99: =K98+K93+K87 -> 11102.638
B100: TOTAL MENSAL DO EFETIVO | I100: 1 | J100: posto | K100: =K99*I100 -> 11102.638
B102: 2.1.4. Auxiliar Administrativo
B103: I | C103: Grupo I - Composição da Remuneração | K103: Valor mensal/Posto
B104: I.A | C104: Salário-base mensal | K104: ='6 - DADOS CC MO'!E56 -> 2307.83
C105: TOTAL GRUPO I | K105: =K104 -> 2307.83
B106: II | C106: Grupo II - Encargos Sociais | J106: % | K106: Valor mensal/Posto
B107: II.A | C107: Obrigações Sociais | J107: ='7 - ENCARGOS SOCIAIS'!$D$13 -> 0.368 | K107: =J107*$K$105 -> 849.28144
B108: II.B | C108: Tempo não trabalhado (reposição de profissional ausente) | J108: ='7 - ENCARGOS SOCIAIS'!$D$21 -> 0.15387245 | K108: =J108*$K$105 -> 355.11146
...

Sheet OK 2.1 - COLETA RSD
B2: 3. COMPOSIÇÃO DE CUSTOS COM COLETA DE RESÍDUOS SÓLIDOS DOMÉSTICOS
B4: ORÇAMENTO SINTÉTICO
B5: DESCRIÇÃO DO ITEM | H5: QUANT. | I5: CUSTO UNITÁRIO MENSAL | K5: CUSTO TOTAL MENSAL
B6: 3.1. | C6: MÃO DE OBRA DIRETA | H6: =SUM(H7:H10) -> 72 | K6: =SUM(K7:K10) -> 512268.99
B7: 3.1.1. | C7: Coletor (diurno) | H7: 27 | I7: =K48 -> 6465.5533 | K7: =I7*H7 -> 174569.94
B8: 3.1.2. | C8: Coletor (noturno) | H8: 27 | I8: =K74 -> 7027.8186 | K8: =I8*H8 -> 189751.1
B9: 3.1.3. | C9: Motorista (diurno) | H9: 9 | I9: =K95 -> 7554.1759 | K9: =I9*H9 -> 67987.583
B10: 3.1.4. | C10: Motorista (noturno) | H10: 9 | I10: =K120 -> 8884.4845 | K10: =I10*H10 -> 79960.361
B11: 3.2. | C11: UNIFORMES E EPIs | H11: =SUM(H12:H13) -> 72 | K11: =SUM(K12:K13) -> 16768.86
B12: 3.2.1. | C12: Uniformes e EPIs para coletores | H12: 54 | I12: =K143 -> 280.10556 | K12: =I12*H12 -> 15125.7
B13: 3.2.2. | C13: Uniformes e EPIs para motoristas | H13: 18 | I13: =K156 -> 91.286667 | K13: =I13*H13 -> 1643.16
B14: 3.3. | C14: VEÍCULOS E EQUIPAMENTOS | H14: =SUM(H15:H17) -> 12 | K14: =SUM(K15:K17) -> 310681.54
B15: 3.3.1. | C15: Veículo coletor compactador 18 m³ | H15: 2 | I15: =I166 -> 34629.934 | K15: =K166 -> 41487.476
B16: 3.3.2. | C16: Veículo coletor compactador 15 m³ | H16: 9 | I16: =I174 -> 32323.666 | K16: =K174 -> 265268.67
B17: 3.3.3. | C17: Veículo tipo caminhonete cabine simples | H17: 1 | I17: =I182 -> 3925.3982 | K17: =K182 -> 3925.3982
B18: 3.4. | C18: FERRAMENTAS E MATERIAIS DE CONSUMO | K18: =K436 -> 783.02467
B19: 3.5. | C19: DESPESAS ADMINISTRATIVAS | K19: =SUM(K20:K21) -> 388620.23
B20: 3.5.1 | C20: Despesas com administração local | H20: 1 | I20: =K445 -> 155886 | K20: =I20*H20 -> 155886
B21: 3.5.2 | C21: BDI | H21: 1 | I21: =K446 -> 232734.23 | K21: =I21*H21 -> 232734.23
B22: TOTAL ESTIMADO MENSAL | K22: =K19+K14+K11+K6+K18 -> 1229122.6
B23: TOTAL ESTIMADO (6 meses) | K23: =K22*6 -> 7374735.9
B24: TOTAL ESTIMADO MENSAL POR TONELADA | H24: 4800 | I24: TONELADA | K24: =$K$22/H24 -> 256.06722
B27: 3.1. DETALHAMENTO MÃO DE OBRA DIRETA
B29: 3.1.1. Coletor (diurno)
B30: I | C30: Grupo I - Composição da Remuneração | H30: Quantidade | I30: Unidade | J30: Custo un. | K30: Valor mensal/Posto
B31: I.A | C31: Salário-base mensal | H31: 220 | I31: h | J31: =K31/H31 -> 9.4650455 | K31: ='6 - DADOS CC MO'!E10 -> 2082.31
B32: I.B | C32: Hora extra 100% (feriados) | H32: =7+1/3 -> 7.3333333 | I32: h | J32: =J31*2 -> 18.930091 | K32: =H32*J32 -> 138.82067
B33: I.C | C33: Descanso Semanal Remunerado (DSR) - hora extra | J33: =61/304*(SUM(K32)) -> 27.855463 | K33: =J33 -> 27.855463
B34: I.D | C34: Adicional de Insalubridade | H34: 40 | I34: % | K34: =K31*40% -> 832.924
C35: TOTAL GRUPO I | K35: =SUM(K31:K34) -> 3081.9101
B36: II | C36: Grupo II - Encargos Sociais | J36: % | K36: Valor mensal/Posto
B37: II.A | C37: Obrigações Sociais | J37: ='7 - ENCARGOS SOCIAIS'!$D$13 -> 0.368 | K37: =J37*$K$35 -> 1134.1429
B38: II.B | C38: Tempo não trabalhado (reposição de profissional ausente) | J38: ='7 - ENCARGOS SOCIAIS'!$D$21 -> 0.15387245 | K38: =J38*$K$35 -> 474.22107
B39: II.C | C39: Provisão para rescisão | J39: ='7 - ENCARGOS SOCIAIS'!$D$28 -> 0.12666582 | K39: =J39*$K$35 -> 390.37266
B40: II.D | C40: Reincidências | J40: ='7 - ENCARGOS SOCIAIS'!$D$32 -> 0.059231502 | K40: =J40*$K$35 -> 182.54617
C41: TOTAL GRUPO II | J41: =SUM(J37:J40) -> 0.70776977 | K41: =SUM(K37:K40) -> 2181.2828
B42: III | C42: Grupo III - Demais Custos Relativos à Norma Coletiva ou Disposições Legais | H42: Média/Mês | I42: Custo un. | J42: Desc. (%) | K42: Valor mensal/Posto
B43: III.A | C43: Auxílio-alimentação (Desconto: cláusula 19ª CCT SEEAC-Pel) | H43: 26 | I43: 27.15 | J43: 0.19 | K43: =(H43*I43)-((H43*I43)*J43) -> 571.779
B44: III.B | C44: Vale Transporte (4 Passagens/dia; Desc: cláusula 21ª CCT) | H44: =H43*4 -> 104 | I44: 6.25 | J44: 0.06 | K44: =(H44*I44)-(K31*J44) -> 525.0614
B45: III.C | C45: Plano de Benefício Familiar | H45: 1 | I45: 25.52 | K45: =I45 -> 25.52
B46: III.D | C46: Assiduidade | H46: 1 | I46: 80 | K46: =I46 -> 80
C47: TOTAL GRUPO III | K47: =SUM(K43:K46) -> 1202.3604
B48: TOTAL MENSAL POR COLETOR DIURNO (GRUPO I+II+III) | K48: =K47+K41+K35 -> 6465.5533
B49: TOTAL MENSAL DO EFETIVO | I49: =H7 -> 27 | J49: posto | K49: =K48*I49 -> 174569.94
B51: 3.1.2. Coletor (noturno)
B52: I | C52: Grupo I - Composição da Remuneração | H52: Quantidade | I52: Unidade | J52: Custo un. | K52: Valor mensal/Posto
B53: I.A | C53: Salário-base mensal | H53: 220 | I53: h | J53: =K53/H53 -> 9.4650455 | K53: 2082.31
B54: I.B | C54: Adicional Noturno | H54: =H57*H69 -> 112.66667 | I54: h. trab.
H55: =H54*8/7 -> 128.7619 | I55: h. contab. | J55: =J53*0.2 -> 1.8930091 | K55: =H55*J55 -> 243.74746
B56: I.B.1 | C56: Hora extra 100% (feriados) | H56: =7+1/3-H57 -> 3 | I56: h | J56: =J53*2 -> 18.930091 | K56: =H56*J56 -> 56.790273
B57: I.B.2 | C57: Hora extra noturna 100% (feriado) | H57: =4+1/3 -> 4.3333333 | I57: h
B58: I.B.3 | C58: Hora extra noturna 100% contabilizada | H58: =H57*8/7 -> 4.952381 | I58: h | J58: =J53*2*1.2 -> 22.716109 | K58: =H58*J58 -> 112.49883
B59: I.B.4 | C59: Adicional de Insalubridade | J59: =61/304*(SUM(K54:K58)) -> 82.879046 | K59: =J59 -> 82.879046
B60: I.C | C60: Adicional de Insalubridade | H60: 40 | I60: % | K60: =K53*40% -> 832.924
C61: TOTAL GRUPO I | K61: =SUM(K53:K60) -> 3411.1496
B62: II | C62: Grupo II - Encargos Sociais | J62: % | K62: Valor mensal/Posto
B63: II.A | C63: Obrigações Sociais | J63: ='7 - ENCARGOS SOCIAIS'!$D$13 -> 0.368 | K63: =J63*$K$61 -> 1255.3031
B64: II.B | C64: Tempo não trabalhado (reposição de profissional ausente) | J64: ='7 - ENCARGOS SOCIAIS'!$D$21 -> 0.15387245 | K64: =J64*$K$61 -> 524.88195
B65: II.C | C65: Provisão para rescisão | J65: ='7 - ENCARGOS SOCIAIS'!$D$28 -> 0.12666582 | K65: =J65*$K$61 -> 432.07605
B66: II.D | C66: Reincidências | J66: ='7 - ENCARGOS SOCIAIS'!$D$32 -> 0.059231502 | K66: =J66*$K$61 -> 202.04751
C67: TOTAL GRUPO II | J67: =SUM(J63:J66) -> 0.70776977 | K67: =SUM(K63:K66) -> 2414.3086
B68: III | C68: Grupo III - Demais Custos Relativos à Norma Coletiva ou Disposições Legais | H68: Média/Mês | I68: Custo un. | J68: Desc. (%) | K68: Valor mensal/Posto
B69: III.A | C69: Auxílio-alimentação (Desconto: cláusula 19ª CCT SEEAC-Pel) | H69: 26 | I69: 27.15 | J69: 0.19 | K69: =(H69*I69)-((H69*I69)*J69) -> 571.779
B70: III.B | C70: Vale Transporte (4 Passagens/dia; Desc: cláusula 21ª CCT) | H70: =H69*4 -> 104 | I70: 6.25 | J70: 0.06 | K70: =(H70*I70)-(K53*J70) -> 525.0614
B71: III.C | C71: Plano de Benefício Familiar | H71: 1 | I71: 25.52 | K71: =I71 -> 25.52
B72: III.D | C72: Assiduidade (cláusula 19ª CCT SEEAC-PEL) | H72: 1 | I72: 80 | K72: =I72 -> 80
C73: TOTAL GRUPO III | K73: =SUM(K69:K72) -> 1202.3604
B74: TOTAL MENSAL POR COLETOR NOTURNO (GRUPO I+II+III) | K74: =K73+K67+K61 -> 7027.8186
B75: TOTAL MENSAL DO EFETIVO | I75: =H8 -> 27 | J75: posto | K75: =K74*I75 -> 189751.1
B77: 3.1.3. Motorista (diurno)
B78: I | C78: Grupo I - Composição da Remuneração | H78: Quantidade | I78: Unidade | J78: Custo un. | K78: Valor mensal/Posto
B79: I.A | C79: Salário-base mensal | H79: 220 | I79: h | J79: =K79/H79 -> 11.441227 | K79: ='6 - DADOS CC MO'!E22 -> 2517.07
B80: I.A.1 | C80: Hora extra 100% (feriados) | H80: =7+1/3 -> 7.3333333 | I80: h | J80: =J79*2 -> 22.882455 | K80: =H80*J80 -> 167.80467
B81: I.A.2 | C81: Descanso Semanal Remunerado (DSR) - hora extra | J81: =61/304*(SUM(K80)) -> 33.671331 | K81: =J81 -> 33.671331
B82: I.B | C82: Adicional de Insalubridade | H82: 40 | I82: % | K82: =K79*40% -> 1006.828
C83: TOTAL GRUPO I | K83: =SUM(K79:K82) -> 3725.374
B84: II | C84: Grupo II - Encargos Sociais | J84: % | K84: Valor mensal/Posto
B85: II.A | C85: Obrigações Sociais | J85: ='7 - ENCARGOS SOCIAIS'!$D$13 -> 0.368 | K85: =J85*$K$83 -> 1370.9376
B86: II.B | C86: Tempo não trabalhado (reposição de profissional ausente) | J86: ='7 - ENCARGOS SOCIAIS'!$D$21 -> 0.15387245 | K86: =J86*$K$83 -> 573.23243
B87: II.C | C87: Provisão para rescisão | J87: ='7 - ENCARGOS SOCIAIS'!$D$28 -> 0.12666582 | K87: =J87*$K$83 -> 471.87754
B88: II.D | C88: Reincidências | J88: ='7 - ENCARGOS SOCIAIS'!$D$32 -> 0.059231502 | K88: =J88*$K$83 -> 220.6595
C89: TOTAL GRUPO II | J89: =SUM(J85:J88) -> 0.70776977 | K89: =SUM(K85:K88) -> 2636.7071
B90: III | C90: Grupo III - Demais Custos Relativos à Norma Coletiva ou Disposições Legais | H90: Média/Mês | I90: Custo un. | J90: Desc. (%) | K90: Valor mensal/Posto
B91: III.A | C91: Auxílio-alimentação | H91: 26 | I91: 27.15 | J91: 0.19 | K91: =(H91*I91)-((H91*I91)*J91) -> 571.779
B92: III.B | C92: Vale Transporte (4 Passagens/dia; Desconto: Lei 7.418/1985) | H92: =H91*4 -> 104 | I92: 6.25 | J92: 0.06 | K92: =(H92*I92)-(K79*J92) -> 498.9758
B93: III.C | C93: Abono | H93: 1 | I93: 121.34 | K93: =I93 -> 121.34
C94: TOTAL GRUPO III | K94: =SUM(K91:K93) -> 1192.0948
B95: TOTAL MENSAL POR MOTORISTA DIURNO (GRUPO I+II+III) | K95: =K94+K89+K83 -> 7554.1759
B96: TOTAL MENSAL DO EFETIVO | I96: =H9 -> 9 | J96: posto | K96: =K95*I96 -> 67987.583
B98: 3.1.4. Motorista (noturno)
B99: I | C99: Grupo I - Composição da Remuneração | H99: Quantidade | I99: Unidade | J99: Custo un. | K99: Valor mensal/Posto
B100: I.A | C100: Salário-base mensal | H100: 220 | I100: h | J100: =K100/H100 -> 11.441227 | K100: ='6 - DADOS CC MO'!E22 -> 2517.07
B101: I.B | C101: Adicional Noturno | H101: 112.67 | I101: h. trab.
H102: =H101*8/7 -> 128.76571 | I102: h. contab. | J102: =J100*0.4 -> 4.5764909 | K102: =J102*H102 -> 589.29512
B103: I.B.1 | C103: Hora extra 100% (feriados) | H103: =7+1/3-H104 -> 3 | I103: h | J103: =J100*2 -> 22.882455 | K103: =J103*H103 -> 68.647364
B104: I.B.2 | C104: Hora extra noturna 100% (feriados) | H104: =4+1/3 -> 4.3333333 | I104: h
B105: I.B.3 | C105: Hora extra noturna 100% contabilizada | H105: =H104*8/7 -> 4.952381 | I105: h | J105: =J100*2*1.4 -> 32.035436 | K105: =J105*H105 -> 158.65168
B106: I.B.4 | C106: Descanso Semanal Remunerado (DSR) | J106: =61/304*(SUM(K102:K105)) -> 163.85607 | K106: =J106 -> 163.85607
B107: I.C | C107: Adicional de Insalubridade | H107: 40 | I107: % | K107: =K100*40% -> 1006.828
C108: TOTAL GRUPO I | K108: =SUM(K100:K107) -> 4504.3482
...

Sheet OK 3 - ADM LOCAL - CONTEIN.
B2: 2. COMPOSIÇÃO DE CUSTOS COM ADMINISTRAÇÃO LOCAL – COLETA CONTEINERIZADA
B4: ORÇAMENTO SINTÉTICO
B5: DESCRIÇÃO DO ITEM | H5: QUANT. | I5: CUSTO UNITÁRIO MENSAL | K5: CUSTO TOTAL MENSAL
B6: 2.1. | C6: MÃO DE OBRA INDIRETA | H6: =SUM(H7:H18) -> 14 | K6: =SUM(K7:K18) -> 102201.62
B7: 2.1.1. | C7: Gerente Geral | H7: 1 | I7: =K53 -> 12578.929 | K7: =I7*H7 -> 12578.929
B8: 2.1.2. | C8: Encarregado (diurno) | H8: 1 | I8: =K74 -> 10130.342 | K8: =I8*H8 -> 10130.342
B9: 2.1.3. | C9: Encarregado (noturno) | H9: 1 | I9: =K99 -> 11102.638 | K9: =I9*H9 -> 11102.638
B10: 2.1.4. | C10: Auxiliar Administrativo | H10: 1 | I10: =K118 -> 5130.0715 | K10: =I10*H10 -> 5130.0715
B11: 2.1.5. | C11: Mecânico | H11: 1 | I11: =K139 -> 6496.1906 | K11: =I11*H11 -> 6496.1906
B12: 2.1.6. | C12: Mecânico (Noturno) | H12: 1 | I12: =K165 -> 7070.7016 | K12: =I12*H12 -> 7070.7016
B13: 2.1.7. | C13: Auxiliar de Mecânico | H13: 1 | I13: =K185 -> 5926.5901 | K13: =I13*H13 -> 5926.5901
B14: 2.1.8. | C14: Auxiliar de Mecânico (Noturno) | H14: 1 | I14: =K210 -> 6591.8172 | K14: =I14*H14 -> 6591.8172
B15: 2.1.9. | C15: Auxiliar de Serviços Gerais | H15: 1 | I15: =K232 -> 5684.5798 | K15: =I15*H15 -> 5684.5798
B16: 2.1.10. | C16: Lavador de Veículos | H16: 1 | I16: =K254 -> 5684.5798 | K16: =I16*H16 -> 5684.5798
B17: 2.1.11. | C17: Vigia (diurno) | H17: 2 | I17: =K276 -> 6121.6611 | K17: =I17*H17 -> 12243.322
B18: 2.1.12. | C18: Vigia (noturno) | H18: 2 | I18: =K302 -> 6780.9312 | K18: =I18*H18 -> 13561.862
B19: 2.2. | C19: UNIFORMES E EPIs | H19: =SUM(H20:H24) -> 14 | K19: =SUM(K20:K24) -> 1043.9367
B20: 2.2.1. | C20: Uniformes e EPIs para Gerente e Auxiliar Administrativo | H20: =H7+H10 -> 2 | I20: =K314 -> 25.710556 | K20: =I20*H20 -> 51.421111
B21: 2.2.2. | C21: Uniformes e EPIs para Encarregado | H21: =H8+H9 -> 2 | I21: =K326 -> 99.687778 | K21: =I21*H21 -> 199.37556
B22: 2.2.3. | C22: Uniformes e EPIs para Mecânico e Auxiliar de Mecânico | H22: 4 | I22: =K340 -> 94.211111 | K22: =I22*H22 -> 376.84444
B23: 2.2.4. | C23: Uniformes e EPIs para Auxiliar de Serviços Gerais e Lavador de Veículos | H23: =H15+H16 -> 2 | I23: =K353 -> 77.268889 | K23: =I23*H23 -> 154.53778
B24: 2.2.5. | C24: Uniformes e EPIs para Vigia | H24: 4 | I24: =K363 -> 65.439444 | K24: =I24*H24 -> 261.75778
B25: 2.3. | C25: VEÍCULOS E EQUIPAMENTOS | H25: 1 | K25: =K439 -> 1802.8478
B26: 2.3.1. | C26: Veículo tipo popular | H26: 1 | I26: =K379+K387+K398+I413+K423+K436 -> 1802.8478 | K26: =I26*H26 -> 1802.8478
B27: 2.4. | C27: DESPESAS ADMINISTRATIVAS | H27: 1 | K27: =K448 -> 17000
B28: 2.5. | C28: BDI | H28: 1 | K28: =K457 -> 33795.075
B29: DESPESAS MENSAIS TOTAIS COM ADMINISTRAÇÃO LOCAL | K29: =K27+K25+K19+K6+K28 -> 155843.48
B30: DISTRIBUIÇÃO DOS CUSTOS COM ADMINISTRAÇÃO LOCAL POR COLETA | J30: % | K30: R$/MÊS
B31: Coleta Conteinerizada | J31: =I467 -> 0.26858195 | K31: =$K$29*J31 -> 41856.747
B32: TOTAL | J32: =SUM(J31) -> 0.26858195 | K32: =SUM(K31) -> 41856.747
B33: A proporcionalidade utilizada para distribuição dos custos com administração local por tipo de coleta foi calculado com base no histórico de custos do ano de 2025.
B36: 2.1. DETALHAMENTO MÃO DE OBRA INDIRETA
B38: 2.1.1. Gerente Geral
B39: I | C39: Grupo I - Composição da Remuneração | K39: Valor mensal/Posto
B40: I.A | C40: Salário-base mensal | K40: ='6 - DADOS CC MO'!E113 -> 6876.95
C41: TOTAL GRUPO I | K41: =K40 -> 6876.95
B42: II | C42: Grupo II - Encargos Sociais | J42: % | K42: Valor mensal/Posto
B43: II.A | C43: Obrigações Sociais | J43: ='7 - ENCARGOS SOCIAIS'!$D$13 -> 0.368 | K43: =J43*K41 -> 2530.7176
B44: II.B | C44: Tempo não trabalhado (reposição de profissional ausente) | J44: ='7 - ENCARGOS SOCIAIS'!$D$21 -> 0.15387245 | K44: =J44*K41 -> 1058.1732
B45: II.C | C45: Provisão para rescisão | J45: ='7 - ENCARGOS SOCIAIS'!$D$28 -> 0.12666582 | K45: =J45*K41 -> 871.07448
B46: II.D | C46: Reincidências | J46: ='7 - ENCARGOS SOCIAIS'!$D$32 -> 0.059231502 | K46: =J46*K41 -> 407.33208
C47: TOTAL GRUPO II | J47: =SUM(J43:J46) -> 0.70776977 | K47: =SUM(K43:K46) -> 4867.2973
B48: III | C48: Grupo III - Demais Custos Relativos à Norma Coletiva ou Disposições Legais | H48: Média/Mês | I48: Custo un. | J48: Desc. (%) | K48: Valor mensal/Posto
B49: III.A | C49: Auxílio-alimentação | H49: 26 | I49: 27.15 | J49: 0.19 | K49: =(H49*I49)-((H49*I49)*0.19) -> 571.779
B50: III.B | C50: Vale Transporte (4 passagens diárias) | H50: =H49*4 -> 104 | I50: 6.25 | J50: 0.06 | K50: =(H50*I50)-(K40*0.06) -> 237.383
B51: III.C | C51: Plano de Benefício Familiar | H51: 1 | I51: 25.52 | K51: =I51 -> 25.52
C52: TOTAL GRUPO III | K52: =SUM(K49:K51) -> 834.682
B53: TOTAL MENSAL POR GERENTE GERAL (GRUPO I+II+III) | K53: =K52+K47+K41 -> 12578.929
B54: TOTAL MENSAL DO EFETIVO (1 POSTO) | K54: =K53*1 -> 12578.929
B56: 2.1.2. Encarregado (Diurno)
B57: I | C57: Grupo I - Composição da Remuneração | H57: Quantidade | I57: Unidade | J57: Custo un. | K57: Valor mensal/Posto
B58: I.A | C58: Salário-base mensal | H58: 220 | I58: h | J58: =K58/H58 -> 16.363636 | K58: ='6 - DADOS CC MO'!E102 -> 3600
B59: I.A.1 | C59: Hora extra 100% (feriados) | H59: 7.33 | I59: h | J59: =J58*2 -> 32.727273 | K59: =J59*H59 -> 239.89091
B60: I.A.2 | C60: Descanso Semanal Remunerado (DSR) | J60: =61/304*(SUM(K59)) -> 48.136005 | K60: =J60 -> 48.136005
B61: I.B | C61: Adicional de Insalubridade | H61: 40 | I61: % | K61: =K58*40% -> 1440
C62: TOTAL GRUPO I | K62: =SUM(K58:K61) -> 5328.0269
B63: II | C63: Grupo II - Encargos Sociais | J63: % | K63: Valor mensal/Posto
B64: II.A | C64: Obrigações Sociais | J64: ='7 - ENCARGOS SOCIAIS'!$D$13 -> 0.368 | K64: =J64*K62 -> 1960.7139
B65: II.B | C65: Tempo não trabalhado (reposição de profissional ausente) | J65: ='7 - ENCARGOS SOCIAIS'!$D$21 -> 0.15387245 | K65: =J65*K62 -> 819.83656
B66: II.C | C66: Provisão para rescisão | J66: ='7 - ENCARGOS SOCIAIS'!$D$28 -> 0.12666582 | K66: =J66*K62 -> 674.87887
B67: II.D | C67: Reincidências | J67: ='7 - ENCARGOS SOCIAIS'!$D$32 -> 0.059231502 | K67: =J67*K62 -> 315.58704
C68: TOTAL GRUPO II | J68: =SUM(J64:J67) -> 0.70776977 | K68: =SUM(K64:K67) -> 3771.0164
B69: III | C69: Grupo III - Demais Custos Relativos à Norma Coletiva ou Disposições Legais | H69: Média/Mês | I69: Custo un. | J69: Desc. (%) | K69: Valor mensal/Posto
B70: III.A | C70: Auxílio-alimentação | H70: 26 | I70: 27.15 | J70: 0.19 | K70: =(H70*I70)-((H70*I70)*0.19) -> 571.779
B71: III.B | C71: Vale Transporte (4 passagens diárias) | H71: =H70*4 -> 104 | I71: 6.25 | J71: 0.06 | K71: =(H71*I71)-(K58*0.06) -> 434
B72: III.C | C72: Plano de Benefício Familiar | H72: 1 | I72: 25.52 | K72: =I72 -> 25.52
C73: TOTAL GRUPO III | K73: =SUM(K70:K72) -> 1031.299
B74: TOTAL MENSAL POR ENCARREGADO - DIURNO (GRUPO I+II+III) | K74: =K62+K68+K73 -> 10130.342
B75: TOTAL MENSAL DO EFETIVO (1 POSTO) | K75: =K74 -> 10130.342
B77: 2.1.3. Encarregado (Noturno)
B78: I | C78: Grupo I - Composição da Remuneração | H78: Quantidade | I78: Unidade | J78: Custo un. | K78: Valor mensal/Posto
B79: I.A | C79: Salário-base mensal | H79: 220 | I79: h | J79: =K79/H79 -> 16.363636 | K79: ='6 - DADOS CC MO'!E102 -> 3600
B80: I.B | C80: Adicional Noturno | H80: =H83*H95 -> 112.66667 | I80: h. trab.
H81: =H80*8/7 -> 128.7619 | I81: h. contab. | J81: =J79*0.2 -> 3.2727273 | K81: =J81*H81 -> 421.4026
B82: I.B.1 | C82: Hora extra 100% (feriados) | H82: =7+1/3-H83 -> 3 | I82: h | J82: =J79*2 -> 32.727273 | K82: =J82*H82 -> 98.181818
B83: I.B.2 | C83: Hora extra noturna 100% (feriado) | H83: =4+1/3 -> 4.3333333 | I83: h
B84: I.B.3 | C84: Hora extra noturna 100% contabilizada | H84: =H83*8/7 -> 4.952381 | I84: h | J84: =J79*2*1.2 -> 39.272727 | K84: =J84*H84 -> 194.49351
B85: I.B.4 | C85: Descanso Semanal Remunerado (DSR) | J85: =61/304*(SUM(K81:K84)) -> 143.28537 | K85: =J85 -> 143.28537
B86: I.C | C86: Adicional de Insalubridade | H86: 40 | I86: % | K86: =K79*40% -> 1440
C87: TOTAL GRUPO I | K87: =SUM(K79:K86) -> 5897.3633
B88: II | C88: Grupo II - Encargos Sociais | J88: % | K88: Valor mensal/Posto
B89: II.A | C89: Obrigações Sociais | J89: ='7 - ENCARGOS SOCIAIS'!$D$13 -> 0.368 | K89: =J89*$K$87 -> 2170.2297
B90: II.B | C90: Tempo não trabalhado (reposição de profissional ausente) | J90: ='7 - ENCARGOS SOCIAIS'!$D$21 -> 0.15387245 | K90: =J90*$K$87 -> 907.44175
B91: II.C | C91: Provisão para rescisão | J91: ='7 - ENCARGOS SOCIAIS'!$D$28 -> 0.12666582 | K91: =J91*$K$87 -> 746.99433
B92: II.D | C92: Reincidências | J92: ='7 - ENCARGOS SOCIAIS'!$D$32 -> 0.059231502 | K92: =J92*$K$87 -> 349.30969
C93: TOTAL GRUPO II | J93: =SUM(J89:J92) -> 0.70776977 | K93: =SUM(K89:K92) -> 4173.9755
B94: III | C94: Grupo III - Demais Custos Relativos à Norma Coletiva ou Disposições Legais | H94: Média/Mês | I94: Custo un. | J94: Desc. (%) | K94: Valor mensal/Posto
B95: III.A | C95: Auxílio-alimentação | H95: 26 | I95: 27.15 | J95: 0.19 | K95: =(H95*I95)-((H95*I95)*0.19) -> 571.779
B96: III.B | C96: Vale Transporte (4 passagens diárias) | H96: =H95*4 -> 104 | I96: 6.25 | J96: 0.06 | K96: =(H96*I96)-(K79*0.06) -> 434
B97: III.C | C97: Plano de Benefício Familiar | H97: 1 | I97: 25.52 | K97: =I97 -> 25.52
C98: TOTAL GRUPO III | K98: =SUM(K95:K97) -> 1031.299
B99: TOTAL MENSAL POR ENCARREGADO - NOTURNO (GRUPO I+II+III) | K99: =K98+K93+K87 -> 11102.638
B100: TOTAL MENSAL DO EFETIVO (1 POSTO) | K100: =K99*1 -> 11102.638
B102: 2.1.4. Auxiliar Administrativo
B103: I | C103: Grupo I - Composição da Remuneração | K103: Valor mensal/Posto
B104: I.A | C104: Salário-base mensal | K104: ='6 - DADOS CC MO'!E56 -> 2307.83
C105: TOTAL GRUPO I | K105: =K104 -> 2307.83
B106: II | C106: Grupo II - Encargos Sociais | J106: % | K106: Valor mensal/Posto
B107: II.A | C107: Obrigações Sociais | J107: ='7 - ENCARGOS SOCIAIS'!$D$13 -> 0.368 | K107: =J107*$K$105 -> 849.28144
B108: II.B | C108: Tempo não trabalhado (reposição de profissional ausente) | J108: ='7 - ENCARGOS SOCIAIS'!$D$21 -> 0.15387245 | K108: =J108*$K$105 -> 355.11146
...

Sheet OK 3.1 - COLETA CONTEIN.
B2: 4. COMPOSIÇÃO DE CUSTOS COM COLETA CONTEINERIZADA
B4: ORÇAMENTO SINTÉTICO
B5: DESCRIÇÃO DO ITEM | H5: QUANT. | I5: CUSTO UNITÁRIO MENSAL | K5: CUSTO TOTAL MENSAL
B6: 4.1. | C6: MÃO DE OBRA DIRETA | H6: =SUM(H7:H10) -> 36 | K6: =SUM(K7:K10) -> 263494.17
B7: 4.1.1. | C7: Coletor (diurno) | H7: 11 | I7: =K49 -> 6465.5533 | K7: =I7*H7 -> 71121.087
B8: 4.1.2. | C8: Coletor (noturno) | H8: 11 | I8: =K75 -> 7027.6559 | K8: =I8*H8 -> 77304.215
B9: 4.1.3. | C9: Motorista (diurno) | H9: 7 | I9: =K96 -> 7554.1759 | K9: =I9*H9 -> 52879.231
B10: 4.1.4. | C10: Motorista (noturno) | H10: 7 | I10: =K121 -> 8884.2343 | K10: =I10*H10 -> 62189.64
B11: 4.2. | C11: UNIFORMES E EPIs | H11: =SUM(H12:H13) -> 36 | K11: =SUM(K12:K13) -> 7440.3356
B12: 4.2.1 | C12: Uniformes e EPIs para coletores | H12: =SUM(H7:H8) -> 22 | I12: =K143 -> 280.10556 | K12: =I12*H12 -> 6162.3222
B13: 4.2.2 | C13: Uniformes e EPIs para motoristas | H13: =SUM(H9:H10) -> 14 | I13: =K156 -> 91.286667 | K13: =I13*H13 -> 1278.0133
B14: 4.3. | C14: VEÍCULOS E EQUIPAMENTOS | H14: =SUM(H15:H18) -> 857 | K14: =SUM(K15:K18) -> 194870.33
B15: 4.3.1. | C15: Veículo coletor compactador 15 m³ | H15: 3 | I15: =I166 -> 27554.557 | K15: =K166 -> 82663.67
B16: 4.3.2. | C16: Veículo tipo lava contêiner | H16: 1 | I16: =I174 -> 21585.172 | K16: =K174 -> 21585.172
B17: 4.3.3. | C17: Veículo tipo caminhonete cabine simples | H17: 3 | I17: =I182 -> 3851.0557 | K17: =K182 -> 11553.167
B18: 4.3.4. | C18: Equipamento tipo contêiner PEAD | H18: 850 | I18: =I190 -> 7498.7637 | K18: =K190 -> 79068.318
B19: 4.4. | C19: FERRAMENTAS E MATERIAIS DE CONSUMO | K19: =K468 -> 2270.3212
B20: 4.5. | C20: DESPESAS ADMINISTRATIVAS E BDI | K20: =SUM(K21:K22) -> 285453
B21: 4.5.1. | C21: Despesas com Administração Local | H21: 1 | I21: =K477 -> 155843.48 | K21: =I21*H21 -> 155843.48
B22: 4.5.2. | C22: BDI | H22: 1 | I22: =K478 -> 129609.51 | K22: =I22*H22 -> 129609.51
B23: TOTAL ESTIMADO MENSAL | K23: =K20+K14+K11+K6+K19 -> 753528.16
B24: TOTAL ESTIMADO (6 meses) | K24: =K23*6 -> 4521168.9
B25: TOTAL ESTIMADO MENSAL POR CONTAINER | H25: 850 | I25: UNIDADE | K25: =$K$23/H25 -> 886.50371
B28: 4.1. DETALHAMENTO MÃO DE OBRA DIRETA
B30: 4.1.1. Coletor (diurno)
B31: I | C31: Grupo I - Composição da Remuneração | H31: Quantidade | I31: Unidade | J31: Custo un. | K31: Valor mensal/Posto
B32: I.A | C32: Salário-base mensal | H32: 220 | I32: h | J32: =K32/H32 -> 9.4650455 | K32: ='6 - DADOS CC MO'!E10 -> 2082.31
B33: I.B | C33: Hora extra 100% (feriados) | H33: =7+1/3 -> 7.3333333 | I33: h | J33: =J32*2 -> 18.930091 | K33: =H33*J33 -> 138.82067
B34: I.C | C34: Descanso Semanal Remunerado (DSR) - hora extra | J34: =61/304*(SUM(K33)) -> 27.855463 | K34: =J34 -> 27.855463
B35: I.D | C35: Adicional de Insalubridade | H35: 40 | I35: % | K35: =K32*40% -> 832.924
C36: TOTAL GRUPO I | K36: =SUM(K32:K35) -> 3081.9101
B37: II | C37: Grupo II - Encargos Sociais | J37: % | K37: Valor mensal/Posto
B38: II.A | C38: Obrigações Sociais | J38: ='7 - ENCARGOS SOCIAIS'!$D$13 -> 0.368 | K38: =J38*$K$36 -> 1134.1429
B39: II.B | C39: Tempo não trabalhado (reposição de profissional ausente) | J39: ='7 - ENCARGOS SOCIAIS'!$D$21 -> 0.15387245 | K39: =J39*$K$36 -> 474.22107
B40: II.C | C40: Provisão para rescisão | J40: ='7 - ENCARGOS SOCIAIS'!$D$28 -> 0.12666582 | K40: =J40*$K$36 -> 390.37266
B41: II.D | C41: Reincidências | J41: ='7 - ENCARGOS SOCIAIS'!$D$32 -> 0.059231502 | K41: =J41*$K$36 -> 182.54617
C42: TOTAL GRUPO II | J42: =SUM(J38:J41) -> 0.70776977 | K42: =SUM(K38:K41) -> 2181.2828
B43: III | C43: Grupo III - Demais Custos Relativos à Norma Coletiva ou Disposições Legais | H43: Média/Mês | I43: Custo un. | J43: Desc. (%) | K43: Valor mensal/Posto
B44: III.A | C44: Auxílio-alimentação (Desconto: cláusula 19ª CCT SEEAC-Pel) | H44: 26 | I44: 27.15 | J44: 0.19 | K44: =(H44*I44)-((H44*I44)*J44) -> 571.779
B45: III.B | C45: Vale Transporte (4 Passagens/dia; Desc: cláusula 21ª CCT) | H45: =H44*4 -> 104 | I45: 6.25 | J45: 0.06 | K45: =(H45*I45)-(K32*J45) -> 525.0614
B46: III.C | C46: Plano de Benefício Familiar | H46: 1 | I46: 25.52 | K46: =I46 -> 25.52
B47: III.D | C47: Assiduidade | H47: 1 | I47: 80 | K47: =I47 -> 80
C48: TOTAL GRUPO III | K48: =SUM(K44:K47) -> 1202.3604
B49: TOTAL MENSAL POR COLETOR DIURNO (GRUPO I+II+III) | K49: =K48+K42+K36 -> 6465.5533
B50: TOTAL MENSAL DO EFETIVO | I50: =H7 -> 11 | J50: posto | K50: =K49*I50 -> 71121.087
B52: 4.1.2. Coletor (noturno)
B53: I | C53: Grupo I - Composição da Remuneração | H53: Quantidade | I53: Unidade | J53: Custo un. | K53: Valor mensal/Posto
B54: I.A | C54: Salário-base mensal | H54: 220 | I54: h | J54: =K54/H54 -> 9.4650455 | K54: ='6 - DADOS CC MO'!E10 -> 2082.31
B55: I.B | C55: Adicional Noturno | H55: 112.67 | I55: h. trab.
H56: =H55*8/7 -> 128.76571 | I56: h. contab. | J56: =J54*0.2 -> 1.8930091 | K56: =H56*J56 -> 243.75467
B57: I.B.1 | C57: Hora extra 100% (feriados) | H57: 3 | I57: h | J57: =J54*2 -> 18.930091 | K57: =H57*J57 -> 56.790273
B58: I.B.2 | C58: Hora extra noturna 100% (feriado) | H58: 4.33 | I58: h
B59: I.B.3 | C59: Hora extra noturna 100% contabilizada | H59: =H58*8/7 -> 4.9485714 | I59: h | J59: =J54*2*1.2 -> 22.716109 | K59: =H59*J59 -> 112.41229
B60: I.B.4 | C60: Descanso Semanal Remunerado (DSR) - hora extra | J60: =61/304*(SUM(K56:K59)) -> 82.863128 | K60: =J60 -> 82.863128
B61: I.C | C61: Adicional de Insalubridade | H61: 40 | I61: % | K61: =K54*40% -> 832.924
C62: TOTAL GRUPO I | K62: =SUM(K54:K61) -> 3411.0544
B63: II | C63: Grupo II - Encargos Sociais | J63: % | K63: Valor mensal/Posto
B64: II.A | C64: Obrigações Sociais | J64: ='7 - ENCARGOS SOCIAIS'!$D$13 -> 0.368 | K64: =J64*$K$62 -> 1255.268
B65: II.B | C65: Tempo não trabalhado (reposição de profissional ausente) | J65: ='7 - ENCARGOS SOCIAIS'!$D$21 -> 0.15387245 | K65: =J65*$K$62 -> 524.8673
B66: II.C | C66: Provisão para rescisão | J66: ='7 - ENCARGOS SOCIAIS'!$D$28 -> 0.12666582 | K66: =J66*$K$62 -> 432.06398
B67: II.D | C67: Reincidências | J67: ='7 - ENCARGOS SOCIAIS'!$D$32 -> 0.059231502 | K67: =J67*$K$62 -> 202.04187
C68: TOTAL GRUPO II | J68: =SUM(J64:J67) -> 0.70776977 | K68: =SUM(K64:K67) -> 2414.2412
B69: III | C69: Grupo III - Demais Custos Relativos à Norma Coletiva ou Disposições Legais | H69: Média/Mês | I69: Custo un. | J69: Desc. (%) | K69: Valor mensal/Posto
B70: III.A | C70: Auxílio-alimentação (Desconto: cláusula 19ª CCT SEEAC-Pel) | H70: 26 | I70: 27.15 | J70: 0.19 | K70: =(H70*I70)-((H70*I70)*J70) -> 571.779
B71: III.B | C71: Vale Transporte (4 Passagens/dia; Desc: cláusula 21ª CCT) | H71: =H70*4 -> 104 | I71: 6.25 | J71: 0.06 | K71: =(H71*I71)-(K54*J71) -> 525.0614
B72: III.C | C72: Plano de Benefício Familiar | H72: 1 | I72: 25.52 | K72: =I72 -> 25.52
B73: III.D | C73: Assiduidade (cláusula 19ª CCT SEEAC-PEL) | H73: 1 | I73: 80 | K73: =I73 -> 80
C74: TOTAL GRUPO III | K74: =SUM(K70:K73) -> 1202.3604
B75: TOTAL MENSAL POR COLETOR NOTURNO (GRUPO I+II+III) | K75: =K74+K68+K62 -> 7027.6559
B76: TOTAL MENSAL DO EFETIVO | I76: =H8 -> 11 | J76: posto | K76: =K75*I76 -> 77304.215
B78: 4.1.3. Motorista (diurno)
B79: I | C79: Grupo I - Composição da Remuneração | H79: Quantidade | I79: Unidade | J79: Custo un. | K79: Valor mensal/Posto
B80: I.A | C80: Salário-base mensal | H80: 220 | I80: h | J80: =K80/H80 -> 11.441227 | K80: ='6 - DADOS CC MO'!E22 -> 2517.07
B81: I.A.1 | C81: Hora extra 100% (feriados) | H81: =7+1/3 -> 7.3333333 | I81: h | J81: =J80*2 -> 22.882455 | K81: =H81*J81 -> 167.80467
B82: I.A.2 | C82: Descanso Semanal Remunerado (DSR) - hora extra | J82: =61/304*(SUM(K81)) -> 33.671331 | K82: =J82 -> 33.671331
B83: I.B | C83: Adicional de Insalubridade | H83: 40 | I83: % | K83: =K80*40% -> 1006.828
C84: TOTAL GRUPO I | K84: =SUM(K80:K83) -> 3725.374
B85: II | C85: Grupo II - Encargos Sociais | J85: % | K85: Valor mensal/Posto
B86: II.A | C86: Obrigações Sociais | J86: ='7 - ENCARGOS SOCIAIS'!$D$13 -> 0.368 | K86: =J86*$K$84 -> 1370.9376
B87: II.B | C87: Tempo não trabalhado (reposição de profissional ausente) | J87: ='7 - ENCARGOS SOCIAIS'!$D$21 -> 0.15387245 | K87: =J87*$K$84 -> 573.23243
B88: II.C | C88: Provisão para rescisão | J88: ='7 - ENCARGOS SOCIAIS'!$D$28 -> 0.12666582 | K88: =J88*$K$84 -> 471.87754
B89: II.D | C89: Reincidências | J89: ='7 - ENCARGOS SOCIAIS'!$D$32 -> 0.059231502 | K89: =J89*$K$84 -> 220.6595
C90: TOTAL GRUPO II | J90: =SUM(J86:J89) -> 0.70776977 | K90: =SUM(K86:K89) -> 2636.7071
B91: III | C91: Grupo III - Demais Custos Relativos à Norma Coletiva ou Disposições Legais | H91: Média/Mês | I91: Custo un. | J91: Desc. (%) | K91: Valor mensal/Posto
B92: III.A | C92: Auxílio-alimentação | H92: 26 | I92: 27.15 | J92: 0.19 | K92: =(H92*I92)-((H92*I92)*J92) -> 571.779
B93: III.B | C93: Vale Transporte (4 Passagens/dia; Desconto: Lei 7.418/1985) | H93: =H92*4 -> 104 | I93: 6.25 | J93: 0.06 | K93: =(H93*I93)-(K80*J93) -> 498.9758
B94: III.C | C94: Abono | H94: 1 | I94: 121.34 | K94: =I94 -> 121.34
C95: TOTAL GRUPO III | K95: =SUM(K92:K94) -> 1192.0948
B96: TOTAL MENSAL POR MOTORISTA DIURNO (GRUPO I+II+III) | K96: =K95+K90+K84 -> 7554.1759
B97: TOTAL MENSAL DO EFETIVO | I97: =H9 -> 7 | J97: posto | K97: =K96*I97 -> 52879.231
B99: 4.1.4. Motorista (noturno)
B100: I | C100: Grupo I - Composição da Remuneração | H100: Quantidade | I100: Unidade | J100: Custo un. | K100: Valor mensal/Posto
B101: I.A | C101: Salário-base mensal | H101: 220 | I101: h | J101: =K101/H101 -> 11.441227 | K101: ='6 - DADOS CC MO'!E22 -> 2517.07
B102: I.B | C102: Adicional Noturno | H102: 112.67 | I102: h. trab.
H103: =H102*8/7 -> 128.76571 | I103: h. contab. | J103: =J101*0.4 -> 4.5764909 | K103: =H103*J103 -> 589.29512
B104: I.B.1 | C104: Hora extra 100% (feriados) | H104: 3 | I104: h | J104: =J101*2 -> 22.882455 | K104: =H104*J104 -> 68.647364
B105: I.B.2 | C105: Hora extra noturna 100% (feriado) | H105: 4.33 | I105: h
B106: I.B.3 | C106: Hora extra noturna 100% contabilizada | H106: =H105*8/7 -> 4.9485714 | I106: h | J106: =J101*2*1.4 -> 32.035436 | K106: =H106*J106 -> 158.52965
B107: I.B.4 | C107: Descanso Semanal Remunerado (DSR) | J107: =61/304*(SUM(K102:K106)) -> 163.83158 | K107: =J107 -> 163.83158
B108: I.C | C108: Adicional de Insalubridade | H108: 40 | I108: % | K108: =K101*40% -> 1006.828
...

Sheet OK 4 - ADM LOCAL - SELETIVA
B2: 2. COMPOSIÇÃO DE CUSTOS COM ADMINISTRAÇÃO LOCAL – COLETA SELETIVA
B4: ORÇAMENTO SINTÉTICO
B5: DESCRIÇÃO DO ITEM | H5: QUANT. | I5: CUSTO UNITÁRIO MENSAL | K5: CUSTO TOTAL MENSAL
B6: 2.1. | C6: MÃO DE OBRA INDIRETA | H6: =SUM(H7:H15) -> 11 | K6: =SUM(K7:K15) -> 77436.468
B7: 2.1.1. | C7: Gerente Geral | H7: 1 | I7: =K50 -> 12578.929 | K7: =I7*H7 -> 12578.929
B8: 2.1.2. | C8: Encarregado (diurno) | H8: 1 | I8: =K71 -> 10130.342 | K8: =I8*H8 -> 10130.342
B9: 2.1.3. | C9: Auxiliar Administrativo | H9: 1 | I9: =K90 -> 5130.0715 | K9: =I9*H9 -> 5130.0715
B10: 2.1.4. | C10: Mecânico | H10: 1 | I10: =K111 -> 6496.1906 | K10: =I10*H10 -> 6496.1906
B11: 2.1.5. | C11: Auxiliar de Mecânico | H11: 1 | I11: =K132 -> 5926.5901 | K11: =I11*H11 -> 5926.5901
B12: 2.1.6. | C12: Auxiliar de Serviços Gerais | H12: 1 | I12: =K154 -> 5684.5798 | K12: =I12*H12 -> 5684.5798
B13: 2.1.7. | C13: Lavador de Veículos | H13: 1 | I13: =K176 -> 5684.5798 | K13: =I13*H13 -> 5684.5798
B14: 2.1.8. | C14: Vigia (diurno) | H14: 2 | I14: =K198 -> 6121.6611 | K14: =I14*H14 -> 12243.322
B15: 2.1.9. | C15: Vigia (noturno) | H15: 2 | I15: =K224 -> 6780.9312 | K15: =I15*H15 -> 13561.862
B16: 2.2. | C16: UNIFORMES E EPIs | H16: =SUM(H17:H21) -> 11 | K16: =SUM(K17:K21) -> 735.84611
B17: 2.2.1. | C17: Uniformes e EPIs para Gerente e Auxiliar Administrativo | H17: =H7+H9 -> 2 | I17: =K236 -> 22.152222 | K17: =I17*H17 -> 44.304444
B18: 2.2.2. | C18: Uniformes e EPIs para Encarregado | H18: =H8 -> 1 | I18: =K248 -> 96.129444 | K18: =I18*H18 -> 96.129444
B19: 2.2.3. | C19: Uniformes e EPIs para Mecânico e Auxiliar de Mecânico | H19: 2 | I19: =K262 -> 94.691667 | K19: =I19*H19 -> 189.38333
B20: 2.2.4. | C20: Uniformes e EPIs para Auxiliar de Serviços Gerais e Lavador de Veículos | H20: =H12+H13 -> 2 | I20: =K275 -> 72.135556 | K20: =I20*H20 -> 144.27111
B21: 2.2.5. | C21: Uniformes e EPIs para Vigia | H21: 4 | I21: =K285 -> 65.439444 | K21: =I21*H21 -> 261.75778
B22: 2.3. | C22: VEÍCULOS E EQUIPAMENTOS | H22: =H23 -> 1 | K22: =K361 -> 1110.5074
B23: 2.3.1. | C23: Veículo tipo popular | H23: 1 | I23: =K301+K309+K320+I335+K345+K358 -> 1110.5074 | K23: =I23*H23 -> 1110.5074
B24: 2.4. | C24: DESPESAS ADMINISTRATIVAS | H24: 1 | K24: =K370 -> 10000
B25: 2.5. | C25: BDI | H25: 1 | K25: =K379 -> 24722.319
B26: DESPESAS MENSAIS TOTAIS COM ADMINISTRAÇÃO LOCAL | K26: =K24+K22+K16+K6+K25 -> 114005.14
B27: DISTRIBUIÇÃO DOS CUSTOS COM ADMINISTRAÇÃO LOCAL POR COLETA | J27: % | K27: R$/MÊS
B28: Coleta Seletiva | J28: =I390 -> 0.16239191 | K28: =$K$26*J28 -> 18513.513
B29: TOTAL | J29: =SUM(J28) -> 0.16239191 | K29: =SUM(K28) -> 18513.513
B30: A proporcionalidade utilizada para distribuição dos custos com administração local por tipo de coleta foi calculado com base no histórico de custos do ano de 2025.
B33: 2.1. DETALHAMENTO MÃO DE OBRA INDIRETA
B35: 2.1.1. Gerente Geral
B36: I | C36: Grupo I - Composição da Remuneração | K36: Valor mensal/Posto
B37: I.A | C37: Salário-base mensal | K37: ='6 - DADOS CC MO'!E113 -> 6876.95
C38: TOTAL GRUPO I | K38: =K37 -> 6876.95
B39: II | C39: Grupo II - Encargos Sociais | J39: % | K39: Valor mensal/Posto
B40: II.A | C40: Obrigações Sociais | J40: ='7 - ENCARGOS SOCIAIS'!$D$13 -> 0.368 | K40: =J40*K38 -> 2530.7176
B41: II.B | C41: Tempo não trabalhado (reposição de profissional ausente) | J41: ='7 - ENCARGOS SOCIAIS'!$D$21 -> 0.15387245 | K41: =J41*K38 -> 1058.1732
B42: II.C | C42: Provisão para rescisão | J42: ='7 - ENCARGOS SOCIAIS'!$D$28 -> 0.12666582 | K42: =J42*K38 -> 871.07448
B43: II.D | C43: Reincidências | J43: ='7 - ENCARGOS SOCIAIS'!$D$32 -> 0.059231502 | K43: =J43*K38 -> 407.33208
C44: TOTAL GRUPO II | J44: =SUM(J40:J43) -> 0.70776977 | K44: =SUM(K40:K43) -> 4867.2973
B45: III | C45: Grupo III - Demais Custos Relativos à Norma Coletiva ou Disposições Legais | H45: Média/Mês | I45: Custo un. | J45: Desc. (%) | K45: Valor mensal/Posto
B46: III.A | C46: Auxílio-alimentação | H46: 26 | I46: 27.15 | J46: 0.19 | K46: =(H46*I46)-((H46*I46)*0.19) -> 571.779
B47: III.B | C47: Vale Transporte (4 passagens diárias) | H47: =H46*4 -> 104 | I47: 6.25 | J47: 0.06 | K47: =(H47*I47)-(K37*0.06) -> 237.383
B48: III.C | C48: Plano de Benefício Familiar | H48: 1 | I48: 25.52 | K48: =I48 -> 25.52
C49: TOTAL GRUPO III | K49: =SUM(K46:K48) -> 834.682
B50: TOTAL MENSAL POR GERENTE GERAL (GRUPO I+II+III) | K50: =K49+K44+K38 -> 12578.929
B51: TOTAL MENSAL DO EFETIVO (1 POSTO) | K51: =K50*1 -> 12578.929
B53: 2.1.2. Encarregado (Diurno)
B54: I | C54: Grupo I - Composição da Remuneração | H54: Quantidade | I54: Unidade | J54: Custo un. | K54: Valor mensal/Posto
B55: I.A | C55: Salário-base mensal | H55: 220 | I55: h | J55: =K55/H55 -> 16.363636 | K55: ='6 - DADOS CC MO'!E102 -> 3600
B56: I.A.1 | C56: Hora extra 100% (feriados) | H56: 7.33 | I56: h | J56: =J55*2 -> 32.727273 | K56: =J56*H56 -> 239.89091
B57: I.A.2 | C57: Descanso Semanal Remunerado (DSR) | J57: =61/304*(SUM(K56)) -> 48.136005 | K57: =J57 -> 48.136005
B58: I.B | C58: Adicional de Insalubridade | H58: 40 | I58: % | K58: =K55*40% -> 1440
C59: TOTAL GRUPO I | K59: =SUM(K55:K58) -> 5328.0269
B60: II | C60: Grupo II - Encargos Sociais | J60: % | K60: Valor mensal/Posto
B61: II.A | C61: Obrigações Sociais | J61: ='7 - ENCARGOS SOCIAIS'!$D$13 -> 0.368 | K61: =J61*K59 -> 1960.7139
B62: II.B | C62: Tempo não trabalhado (reposição de profissional ausente) | J62: ='7 - ENCARGOS SOCIAIS'!$D$21 -> 0.15387245 | K62: =J62*K59 -> 819.83656
B63: II.C | C63: Provisão para rescisão | J63: ='7 - ENCARGOS SOCIAIS'!$D$28 -> 0.12666582 | K63: =J63*K59 -> 674.87887
B64: II.D | C64: Reincidências | J64: ='7 - ENCARGOS SOCIAIS'!$D$32 -> 0.059231502 | K64: =J64*K59 -> 315.58704
C65: TOTAL GRUPO II | J65: =SUM(J61:J64) -> 0.70776977 | K65: =SUM(K61:K64) -> 3771.0164
B66: III | C66: Grupo III - Demais Custos Relativos à Norma Coletiva ou Disposições Legais | H66: Média/Mês | I66: Custo un. | J66: Desc. (%) | K66: Valor mensal/Posto
B67: III.A | C67: Auxílio-alimentação | H67: 26 | I67: 27.15 | J67: 0.19 | K67: =(H67*I67)-((H67*I67)*0.19) -> 571.779
B68: III.B | C68: Vale Transporte (4 passagens diárias) | H68: =H67*4 -> 104 | I68: 6.25 | J68: 0.06 | K68: =(H68*I68)-(K55*0.06) -> 434
B69: III.C | C69: Plano de Benefício Familiar | H69: 1 | I69: 25.52 | K69: =I69 -> 25.52
C70: TOTAL GRUPO III | K70: =SUM(K67:K69) -> 1031.299
B71: TOTAL MENSAL POR ENCARREGADO - DIURNO (GRUPO I+II+III) | K71: =K59+K65+K70 -> 10130.342
B72: TOTAL MENSAL DO EFETIVO (1 POSTO) | K72: =K71 -> 10130.342
B74: 2.1.3. Auxiliar Administrativo
B75: I | C75: Grupo I - Composição da Remuneração | K75: Valor mensal/Posto
B76: I.A | C76: Salário-base mensal | K76: ='6 - DADOS CC MO'!E56 -> 2307.83
C77: TOTAL GRUPO I | K77: =K76 -> 2307.83
B78: II | C78: Grupo II - Encargos Sociais | J78: % | K78: Valor mensal/Posto
B79: II.A | C79: Obrigações Sociais | J79: ='7 - ENCARGOS SOCIAIS'!$D$13 -> 0.368 | K79: =J79*$K$77 -> 849.28144
B80: II.B | C80: Tempo não trabalhado (reposição de profissional ausente) | J80: ='7 - ENCARGOS SOCIAIS'!$D$21 -> 0.15387245 | K80: =J80*$K$77 -> 355.11146
B81: II.C | C81: Provisão para rescisão | J81: ='7 - ENCARGOS SOCIAIS'!$D$28 -> 0.12666582 | K81: =J81*$K$77 -> 292.32317
B82: II.D | C82: Reincidências | J82: ='7 - ENCARGOS SOCIAIS'!$D$32 -> 0.059231502 | K82: =J82*$K$77 -> 136.69624
C83: TOTAL GRUPO II | J83: =SUM(J79:J82) -> 0.70776977 | K83: =SUM(K79:K82) -> 1633.4123
B84: III | C84: Grupo III - Demais Custos Relativos à Norma Coletiva ou Disposições Legais | H84: Média/Mês | I84: Custo un. | J84: Desc. (%) | K84: Valor mensal/Posto
B85: III.A | C85: Auxílio-alimentação | H85: 26 | I85: 27.15 | J85: 0.19 | K85: =(H85*I85)-((H85*I85)*0.19) -> 571.779
B86: III.B | C86: Vale Transporte (4 passagens diárias) | H86: =H85*4 -> 104 | I86: 6.25 | J86: 0.06 | K86: =(H86*I86)-(K76*0.06) -> 511.5302
B87: III.C | C87: Plano de Benefício Familiar | H87: 1 | I87: ='6 - DADOS CC MO'!E58 -> 25.52 | K87: =I87 -> 25.52
B88: III.D | C88: Assiduidade (cláusula 19ª CCT SEEAC-PEL) | H88: 1 | I88: 80 | K88: =I88 -> 80
C89: TOTAL GRUPO III | K89: =SUM(K85:K88) -> 1188.8292
B90: TOTAL MENSAL POR AUXILIAR ADMINISTRATIVO (GRUPO I+II+III) | K90: =K89+K83+K77 -> 5130.0715
B91: TOTAL MENSAL DO EFETIVO (1 POSTO) | K91: =K90*1 -> 5130.0715
B93: 2.1.4. Mecânico
B94: I | C94: Grupo I - Composição da Remuneração | H94: Quantidade | I94: Unidade | J94: Custo un. | K94: Valor mensal/Posto
B95: I.A | C95: Salário-base mensal | H95: 220 | I95: h | J95: =K95/H95 -> 9.6690909 | K95: ='6 - DADOS CC MO'!E34 -> 2127.2
B96: I.A.1 | C96: Hora extra 100% (feriados) | H96: 7.33 | I96: h | J96: =J95*2 -> 19.338182 | K96: =J96*H96 -> 141.74887
B97: I.A.2 | C97: Descanso Semanal Remunerado (DSR) - hora extra | J97: =61/304*(SUM(K96)) -> 28.44303 | K97: =J97 -> 28.44303
B98: I.B | C98: Adicional de Insalubridade | H98: 40 | I98: % | K98: =K95*40% -> 850.88
C99: TOTAL GRUPO I | K99: =SUM(K95:K98) -> 3148.2719
B100: II | C100: Grupo II - Encargos Sociais | J100: % | K100: Valor mensal/Posto
B101: II.A | C101: Obrigações Sociais | J101: ='7 - ENCARGOS SOCIAIS'!$D$13 -> 0.368 | K101: =J101*$K$99 -> 1158.5641
B102: II.B | C102: Tempo não trabalhado (reposição de profissional ausente) | J102: ='7 - ENCARGOS SOCIAIS'!$D$21 -> 0.15387245 | K102: =J102*$K$99 -> 484.43232
B103: II.C | C103: Provisão para rescisão | J103: ='7 - ENCARGOS SOCIAIS'!$D$28 -> 0.12666582 | K103: =J103*$K$99 -> 398.77843
B104: II.D | C104: Reincidências | J104: ='7 - ENCARGOS SOCIAIS'!$D$32 -> 0.059231502 | K104: =J104*$K$99 -> 186.47687
C105: TOTAL GRUPO II | J105: =SUM(J101:J104) -> 0.70776977 | K105: =SUM(K101:K104) -> 2228.2517
B106: III | C106: Grupo III - Demais Custos Relativos à Norma Coletiva ou Disposições Legais | H106: Média/Mês | I106: Custo un. | J106: Desc. (%) | K106: Valor mensal/Posto
B107: III.A | C107: Auxílio-alimentação | H107: 26 | I107: 27.15 | J107: 0.19 | K107: =(H107*I107)-((H107*I107)*0.19) -> 571.779
B108: III.B | C108: Vale Transporte (4 passagens diárias) | H108: =H107*4 -> 104 | I108: 6.25 | J108: 0.06 | K108: =(H108*I108)-(K95*0.06) -> 522.368
...

Sheet OK 4.1 - COLETA SELETIVA
B2: 5. COMPOSIÇÃO DE CUSTOS COM COLETA SELETIVA DE RESÍDUOS RECICLÁVEIS
B4: ORÇAMENTO SINTÉTICO
B5: DESCRIÇÃO DO ITEM | H5: QUANT. | I5: CUSTO UNITÁRIO MENSAL | K5: CUSTO TOTAL MENSAL
B6: 5.1. | C6: MÃO DE OBRA DIRETA | H6: =SUM(H7:H8) -> 23 | K6: =SUM(K7:K8) -> 157416.71
B7: 5.1.1. | C7: Coletor (diurno) | H7: 15 | I7: =K44 -> 6465.5533 | K7: =I7*H7 -> 96983.3
B8: 5.1.2. | C8: Motorista (diurno) | H8: 8 | I8: =K65 -> 7554.1759 | K8: =I8*H8 -> 60433.407
B9: 5.2. | C9: UNIFORMES E EPIs | H9: =SUM(H10:H11) -> 23 | K9: =SUM(K10:K11) -> 5357.9267
B10: 5.2.1 | C10: Uniformes e EPIs para coletores | H10: =G88 -> 15 | I10: =K87 -> 306.61111 | K10: =I10*H10 -> 4599.1667
B11: 5.2.2 | C11: Uniformes e EPIs para motoristas | H11: =G101 -> 8 | I11: =K100 -> 94.845 | K11: =I11*H11 -> 758.76
B12: 5.3. | C12: VEÍCULOS E EQUIPAMENTOS | H12: =SUM(H13:H14) -> 7 | K12: =SUM(K13:K14) -> 133660.21
B13: 5.3.1. | C13: Veículo coletor compactador 8 m³ | H13: 6 | I13: =I110 -> 20362.441 | K13: =K110 -> 122174.64
B14: 5.3.2. | C14: Veículo tipo caminhão baú | H14: 1 | I14: =I118 -> 11485.562 | K14: =K118 -> 11485.562
B15: 5.4. | C15: FERRAMENTAS E MATERIAIS DE CONSUMO | K15: =K314 -> 1907.4672
B16: 5.5. | C16: DESPESAS ADMINISTRATIVAS E BDI | K16: =SUM(K17:K18) -> 196615.81
B17: 5.5.1. | C17: Despesas com administração local | H17: 1 | I17: =K323 -> 114005.14 | K17: =I17*H17 -> 114005.14
B18: 5.5.2. | C18: BDI | H18: 1 | I18: =K324 -> 82610.668 | K18: =I18*H18 -> 82610.668
B19: TOTAL ESTIMADO MENSAL | K19: =K16+K12+K9+K6+K15 -> 494958.12
B20: TOTAL ESTIMADO ANUAL (6 meses) | K20: =K19*6 -> 2969748.7
B21: VALOR ESTIMADO MENSAL POR EQUIPE | H21: 7 | I21: EQUIPE | K21: =K19/H21 -> 70708.302
B23: 5.1. DETALHAMENTO MÃO DE OBRA DIRETA
B25: 5.1.1. Coletor (diurno)
B26: I | C26: Grupo I - Composição da Remuneração | H26: Quantidade | I26: Unidade | J26: Custo un. | K26: Valor mensal/Posto
B27: I.A | C27: Salário-base mensal | H27: 220 | I27: h | J27: =K27/H27 -> 9.4650455 | K27: ='6 - DADOS CC MO'!E10 -> 2082.31
B28: I.A.1 | C28: Hora extra 100% (feriados) | H28: =7+1/3 -> 7.3333333 | I28: h | J28: =J27*2 -> 18.930091 | K28: =H28*J28 -> 138.82067
B29: I.A.2 | C29: Descanso Semanal Remunerado (DSR) - hora extra | J29: =61/304*(SUM(K28)) -> 27.855463 | K29: =J29 -> 27.855463
B30: I.B | C30: Adicional de Insalubridade | H30: 40 | I30: % | K30: =K27*40% -> 832.924
C31: TOTAL GRUPO I | K31: =SUM(K27:K30) -> 3081.9101
B32: II | C32: Grupo II - Encargos Sociais | J32: % | K32: Valor mensal/Posto
B33: II.A | C33: Obrigações Sociais | J33: ='7 - ENCARGOS SOCIAIS'!$D$13 -> 0.368 | K33: =J33*$K$31 -> 1134.1429
B34: II.B | C34: Tempo não trabalhado (reposição de profissional ausente) | J34: ='7 - ENCARGOS SOCIAIS'!$D$21 -> 0.15387245 | K34: =J34*$K$31 -> 474.22107
B35: II.C | C35: Provisão para rescisão | J35: ='7 - ENCARGOS SOCIAIS'!$D$28 -> 0.12666582 | K35: =J35*$K$31 -> 390.37266
B36: II.D | C36: Reincidências | J36: ='7 - ENCARGOS SOCIAIS'!$D$32 -> 0.059231502 | K36: =J36*$K$31 -> 182.54617
C37: TOTAL GRUPO II | J37: =SUM(J33:J36) -> 0.70776977 | K37: =SUM(K33:K36) -> 2181.2828
B38: III | C38: Grupo III - Demais Custos Relativos à Norma Coletiva ou Disposições Legais | H38: Média/Mês | I38: Custo un. | J38: Desc. (%) | K38: Valor mensal/Posto
B39: III.A | C39: Auxílio-alimentação (Desconto: cláusula 19ª CCT SEEAC-Pel) | H39: 26 | I39: 27.15 | J39: 0.19 | K39: =(H39*I39)-((H39*I39)*J39) -> 571.779
B40: III.B | C40: Vale Transporte (4 Passagens/dia; Desc: cláusula 21ª CCT) | H40: =H39*4 -> 104 | I40: 6.25 | J40: 0.06 | K40: =(H40*I40)-(K27*J40) -> 525.0614
B41: III.C | C41: Plano de Benefício Familiar | H41: 1 | I41: 25.52 | K41: =I41 -> 25.52
B42: III.D | C42: Assiduidade | H42: 1 | I42: 80 | K42: =I42 -> 80
C43: TOTAL GRUPO III | K43: =SUM(K39:K42) -> 1202.3604
B44: TOTAL MENSAL POR COLETOR DIURNO (GRUPO I+II+III) | K44: =K43+K37+K31 -> 6465.5533
B45: TOTAL MENSAL DO EFETIVO | I45: =H7 -> 15 | J45: posto | K45: =K44*I45 -> 96983.3
B47: 5.1.2. Motorista (diurno)
B48: I | C48: Grupo I - Composição da Remuneração | H48: Quantidade | I48: Unidade | J48: Custo un. | K48: Valor mensal/Posto
B49: I.A | C49: Salário-base mensal | H49: 220 | I49: h | J49: =K49/H49 -> 11.441227 | K49: ='6 - DADOS CC MO'!E22 -> 2517.07
B50: I.A.1 | C50: Hora extra 100% (feriados) | H50: =7+1/3 -> 7.3333333 | I50: h | J50: =J49*2 -> 22.882455 | K50: =H50*J50 -> 167.80467
B51: I.A.2 | C51: Descanso Semanal Remunerado (DSR) - hora extra | J51: =61/304*(SUM(K50)) -> 33.671331 | K51: =J51 -> 33.671331
B52: I.B | C52: Adicional de Insalubridade | H52: 40 | I52: % | K52: =K49*40% -> 1006.828
C53: TOTAL GRUPO I | K53: =SUM(K49:K52) -> 3725.374
B54: II | C54: Grupo II - Encargos Sociais | J54: % | K54: Valor mensal/Posto
B55: II.A | C55: Obrigações Sociais | J55: ='7 - ENCARGOS SOCIAIS'!$D$13 -> 0.368 | K55: =J55*$K$53 -> 1370.9376
B56: II.B | C56: Tempo não trabalhado (reposição de profissional ausente) | J56: ='7 - ENCARGOS SOCIAIS'!$D$21 -> 0.15387245 | K56: =J56*$K$53 -> 573.23243
B57: II.C | C57: Provisão para rescisão | J57: ='7 - ENCARGOS SOCIAIS'!$D$28 -> 0.12666582 | K57: =J57*$K$53 -> 471.87754
B58: II.D | C58: Reincidências | J58: ='7 - ENCARGOS SOCIAIS'!$D$32 -> 0.059231502 | K58: =J58*$K$53 -> 220.6595
C59: TOTAL GRUPO II | J59: =SUM(J55:J58) -> 0.70776977 | K59: =SUM(K55:K58) -> 2636.7071
B60: III | C60: Grupo III - Demais Custos Relativos à Norma Coletiva ou Disposições Legais | H60: Média/Mês | I60: Custo un. | J60: Desc. (%) | K60: Valor mensal/Posto
B61: III.A | C61: Auxílio-alimentação | H61: 26 | I61: 27.15 | J61: 0.19 | K61: =(H61*I61)-((H61*I61)*J61) -> 571.779
B62: III.B | C62: Vale Transporte (4 Passagens/dia; Desconto: Lei 7.418/1985) | H62: =H61*4 -> 104 | I62: 6.25 | J62: 0.06 | K62: =(H62*I62)-(K49*J62) -> 498.9758
B63: III.C | C63: Abono | H63: 1 | I63: 121.34 | K63: =I63 -> 121.34
C64: TOTAL GRUPO III | K64: =SUM(K61:K63) -> 1192.0948
B65: TOTAL MENSAL POR MOTORISTA DIURNO (GRUPO I+II+III) | K65: =K64+K59+K53 -> 7554.1759
B66: TOTAL MENSAL DO EFETIVO | I66: =H8 -> 8 | J66: posto | K66: =K65*I66 -> 60433.407
B68: CUSTO MENSAL COM MÃO DE OBRA | K68: =K66+K45 -> 157416.71
B71: 5.2. DETALHAMENTO UNIFORMES E EQUIPAMENTOS DE PROTEÇÃO INDIVIDUAL - MÃO DE OBRA DIRETA
B73: 5.2.1. Uniformes e EPIs para Coletor
B74: Descrição | G74: Quant. semestral | H74: Preço médio un. | I74: Valor mensal unitário | K74: Valor mensal total
B75: Camiseta manga curta com refletivo | G75: 3 | H75: ='10 - CUSTOS UN'!J39 -> 42.74 | I75: =H75/6 -> 7.1233333 | K75: =I75*G75 -> 21.37
B76: Camiseta manga longa com refletivo | G76: 3 | H76: ='10 - CUSTOS UN'!J33 -> 44.47 | I76: =H76/6 -> 7.4116667 | K76: =I76*G76 -> 22.235
B77: Calça com refletivo | G77: 2 | H77: ='10 - CUSTOS UN'!J24 -> 55.08 | I77: =H77/6 -> 9.18 | K77: =I77*G77 -> 18.36
B78: Bermuda com refletivo | G78: 3 | H78: ='10 - CUSTOS UN'!J15 -> 44.393333 | I78: =H78/6 -> 7.3988889 | K78: =I78*G78 -> 22.196667
B79: Meia de algodão com cano alto (jogador de futebol) | G79: 6 | H79: ='10 - CUSTOS UN'!J84 -> 17.73 | I79: =H79/6 -> 2.955 | K79: =I79*G79 -> 17.73
B80: Boné tipo árabe | G80: 2 | H80: ='10 - CUSTOS UN'!J21 -> 9.21 | I80: =H80/6 -> 1.535 | K80: =I80*G80 -> 3.07
B81: Jaqueta com refletivo | G81: 1 | H81: ='10 - CUSTOS UN'!J66 -> 156.05667 | I81: =H81/6 -> 26.009444 | K81: =I81*G81 -> 26.009444
B82: Tênis de segurança | G82: 3 | H82: ='10 - CUSTOS UN'!J111 -> 116.83 | I82: =H82/6 -> 19.471667 | K82: =I82*G82 -> 58.415
B83: Óculos de proteção solar | G83: 1 | H83: ='10 - CUSTOS UN'!J87 -> 4.7966667 | I83: =H83/6 -> 0.79944444 | K83: =I83*G83 -> 0.79944444
B84: Conjunto impermeável (calça + jaqueta) c/ refletivo | G84: 1 | H84: ='10 - CUSTOS UN'!J51 -> 212.19333 | I84: =H84/6 -> 35.365556 | K84: =I84*G84 -> 35.365556
B85: Luva de segurança | G85: 48 | H85: ='10 - CUSTOS UN'!J72 -> 8.27 | I85: =H85/6 -> 1.3783333 | K85: =I85*G85 -> 66.16
B86: Protetor solar com repelente, FPS 30 (frasco 120 ml) | G86: 6 | H86: ='10 - CUSTOS UN'!J99 -> 14.9 | I86: =H86/6 -> 2.4833333 | K86: =I86*G86 -> 14.9
B87: CUSTO MENSAL TOTAL POR POSTO | K87: =SUM(K75:K86) -> 306.61111
B88: CUSTO MENSAL TOTAL | G88: =I45 -> 15 | H88: posto | I88: =K87 -> 306.61111 | K88: =K87*G88 -> 4599.1667
B90: 5.2.2. Uniformes e EPIs para Motorista
B91: Descrição | G91: Quant. anual | H91: Preço médio un. | I91: Valor mensal unitário | K91: Valor mensal total
B92: Camiseta manga curta | G92: 3 | H92: ='10 - CUSTOS UN'!J36 -> 21.35 | I92: =H92/6 -> 3.5583333 | K92: =I92*G92 -> 10.675
B93: Calça | G93: 2 | H93: ='10 - CUSTOS UN'!J27 -> 67.736667 | I93: =H93/6 -> 11.289444 | K93: =I93*G93 -> 22.578889
B94: Jaqueta com refletivo | G94: 1 | H94: ='10 - CUSTOS UN'!J66 -> 156.05667 | I94: =H94/6 -> 26.009444 | K94: =I94*G94 -> 26.009444
B95: Botina de segurança | G95: 1 | H95: ='10 - CUSTOS UN'!J30 -> 84.38 | I95: =H95/6 -> 14.063333 | K95: =I95*G95 -> 14.063333
B96: Óculos de proteção solar | G96: 1 | H96: ='10 - CUSTOS UN'!J87 -> 4.7966667 | I96: =H96/6 -> 0.79944444 | K96: =I96*G96 -> 0.79944444
B97: Capa de chuva | G97: 1 | H97: ='10 - CUSTOS UN'!J42 -> 16.393333 | I97: =H97/6 -> 2.7322222 | K97: =I97*G97 -> 2.7322222
B98: Protetor solar com repelente, FPS 30 (frasco 120 ml) | G98: 6 | H98: ='10 - CUSTOS UN'!J99 -> 14.9 | I98: =H98/6 -> 2.4833333 | K98: =I98*G98 -> 14.9
B99: Colete refletivo | G99: 1 | H99: ='10 - CUSTOS UN'!J48 -> 18.52 | I99: =H99/6 -> 3.0866667 | K99: =I99*G99 -> 3.0866667
B100: CUSTO MENSAL TOTAL POR POSTO | K100: =SUM(K92:K99) -> 94.845
B101: CUSTO MENSAL TOTAL | G101: =I66 -> 8 | H101: posto | I101: =K100 -> 94.845 | K101: =I101*G101 -> 758.76
B103: CUSTO MENSAL COM UNIFORMES E EPIs | K103: =K101+K88 -> 5357.9267
B106: 5.3. VEÍCULOS E EQUIPAMENTOS
B108: Resumo Custos com Veículos e Equipamentos
B109: Item | C109: Descrição | I109: Custo mensal unitário | K109: Custo mensal total
B110: 5.3.1. | C110: Veículo Coletor Compactador 8 m³ | I110: =K213 -> 20362.441 | K110: =K214 -> 122174.64
B111: 5.3.1.1. | C111: Depreciação | I111: =I144 -> 4099.8929 | K111: =K144 -> 24599.358
B112: 5.3.1.2. | C112: Remuneração do Capital | I112: =I159 -> 1550.272 | K112: =K159 -> 9301.6321
B113: 5.3.1.3. | C113: Impostos, Seguros e Outros | I113: =I171 -> 525.39639 | K113: =K171 -> 3152.3783
B114: 5.3.1.4. | C114: Consumo de Combustível | I114: =I179 -> 9412 | K114: =K179 -> 56472
...

Sheet OK 5 - ADM LOCAL - ÓLEOS
B2: 2. COMPOSIÇÃO DE CUSTOS COM ADMINISTRAÇÃO LOCAL – COLETA DE ÓLEO
B4: ORÇAMENTO SINTÉTICO
B5: DESCRIÇÃO DO ITEM | H5: QUANT. | I5: CUSTO UNITÁRIO MENSAL | K5: CUSTO TOTAL MENSAL
B6: 2.1. | C6: MÃO DE OBRA INDIRETA | H6: =SUM(H7) -> 1 | K6: =SUM(K7) -> 12578.929
B7: 2.1.1. | C7: Gerente Geral | H7: 1 | I7: =K36 -> 12578.929 | K7: =I7*H7 -> 12578.929
B8: 2.2. | C8: UNIFORMES E EPIs | H8: =SUM(H9) -> 1 | K8: =SUM(K9) -> 22.152222
B9: 2.2.1. | C9: Uniformes e EPIs para Gerente | H9: =H7 -> 1 | I9: =K50 -> 22.152222 | K9: =I9*H9 -> 22.152222
B10: 2.4. | C10: DESPESAS ADMINISTRATIVAS | H10: 1 | K10: =K62 -> 8000
B11: 2.5. | C11: BDI | H11: 1 | K11: =K70 -> 5704.4176
B12: DESPESAS MENSAIS TOTAIS COM ADMINISTRAÇÃO LOCAL | K12: =SUM(K6+K8+K10+K11) -> 26305.499
B13: DISTRIBUIÇÃO DOS CUSTOS COM ADMINISTRAÇÃO LOCAL POR COLETA | J13: % | K13: R$/MÊS
B14: Coleta Óleo | J14: =I82 -> 0.020172478 | K14: =$K$12*J14 -> 530.6471
B15: TOTAL | J15: =SUM(J14) -> 0.020172478 | K15: =SUM(K14) -> 530.6471
B16: A proporcionalidade utilizada para distribuição dos custos com administração local por tipo de coleta foi calculado com base no histórico de custos do ano de 2025.
B18: 2.1. DETALHAMENTO MÃO DE OBRA INDIRETA
B21: 2.1.1. Gerente Geral
B22: I | C22: Grupo I - Composição da Remuneração | K22: Valor mensal/Posto
B23: I.A | C23: Salário-base mensal | K23: ='6 - DADOS CC MO'!E113 -> 6876.95
C24: TOTAL GRUPO I | K24: =K23 -> 6876.95
B25: II | C25: Grupo II - Encargos Sociais | J25: % | K25: Valor mensal/Posto
B26: II.A | C26: Obrigações Sociais | J26: ='7 - ENCARGOS SOCIAIS'!$D$13 -> 0.368 | K26: =J26*K24 -> 2530.7176
B27: II.B | C27: Tempo não trabalhado (reposição de profissional ausente) | J27: ='7 - ENCARGOS SOCIAIS'!$D$21 -> 0.15387245 | K27: =J27*K24 -> 1058.1732
B28: II.C | C28: Provisão para rescisão | J28: ='7 - ENCARGOS SOCIAIS'!$D$28 -> 0.12666582 | K28: =J28*K24 -> 871.07448
B29: II.D | C29: Reincidências | J29: ='7 - ENCARGOS SOCIAIS'!$D$32 -> 0.059231502 | K29: =J29*K24 -> 407.33208
C30: TOTAL GRUPO II | J30: =SUM(J26:J29) -> 0.70776977 | K30: =SUM(K26:K29) -> 4867.2973
B31: III | C31: Grupo III - Demais Custos Relativos à Norma Coletiva ou Disposições Legais | H31: Média/Mês | I31: Custo un. | J31: Desc. (%) | K31: Valor mensal/Posto
B32: III.A | C32: Auxílio-alimentação | H32: 26 | I32: 27.15 | J32: 0.19 | K32: =(H32*I32)-((H32*I32)*0.19) -> 571.779
B33: III.B | C33: Vale Transporte (4 passagens diárias) | H33: =H32*4 -> 104 | I33: 6.25 | J33: 0.06 | K33: =(H33*I33)-(K23*0.06) -> 237.383
B34: III.C | C34: Plano de Benefício Familiar | H34: 1 | I34: 25.52 | K34: =I34 -> 25.52
C35: TOTAL GRUPO III | K35: =SUM(K32:K34) -> 834.682
B36: TOTAL MENSAL POR GERENTE GERAL (GRUPO I+II+III) | K36: =K35+K30+K24 -> 12578.929
B37: TOTAL MENSAL DO EFETIVO (1 POSTO) | K37: =K36*1 -> 12578.929
B41: CUSTO MENSAL TOTAL COM MÃO DE OBRA INDIRETA | K41: =K37 -> 12578.929
B44: 2.2. DETALHAMENTO UNIFORMES E EQUIPAMENTOS DE PROTEÇÃO INDIVIDUAL - MÃO DE OBRA INDIRETA
B46: 2.2.1. Uniformes e EPIs para Gerente
B47: Descrição | G47: Quant. semestral | H47: Preço médio un. | I47: Valor mensal unitário | K47: Valor mensal total
B48: Camiseta manga curta | G48: 1 | H48: ='10 - CUSTOS UN'!$J$36 -> 21.35 | I48: =H48/6 -> 3.5583333 | K48: =I48*G48 -> 3.5583333
B49: Jaqueta | G49: 1 | H49: ='10 - CUSTOS UN'!$J$63 -> 111.56333 | I49: =H49/6 -> 18.593889 | K49: =I49*G49 -> 18.593889
B50: CUSTO MENSAL TOTAL POR POSTO | K50: =SUM(K48:K49) -> 22.152222
B51: CUSTO MENSAL TOTAL (1 posto) | I51: =K50 -> 22.152222 | K51: =K50*1 -> 22.152222
B53: CUSTO MENSAL TOTAL COM UNIFORMES E EPIs | K53: =K51 -> 22.152222
B56: 2.4. DESPESAS ADMINISTRATIVAS
B58: Descrição | G58: Quantidade | H58: Unidade | I58: Custo unitário | K58: Custo Total mensal
B59: Aluguel de instalações físicas e pontos de apoio | K59: 5000
B60: Água, energia elétrica, internet e telefonia | K60: 2000
B61: Materiais de escritório, softwares e licenças | K61: 1000
B62: CUSTO MENSAL TOTAL COM DESPESAS ADMINISTRATIVAS | K62: =SUM(K59:K61) -> 8000
B65: CUSTO MENSAL TOTAL COM ADMINISTRAÇÃO LOCAL ANTES DO BDI (1+2+3+4) | K65: =K62+K53+K41 -> 20601.082
B67: 2.5. BDI
B68: Item | C68: Descrição | H68: % | I68: Custo | K68: Total
B69: A | C69: BDI | H69: ='9 - BDI'!D15 -> 0.27689894 | I69: =K65 -> 20601.082 | K69: =I69*H69 -> 5704.4176
B70: CUSTO MENSAL TOTAL COM BDI | K70: =SUM(K69) -> 5704.4176
B73: CUSTO MENSAL TOTAL COM ADMINISTRAÇÃO LOCAL DEPOIS DO BDI | K73: =K65+K70 -> 26305.499
B76: PROPORCIONALIDADE CUSTOS COM ADMINISTRAÇÃO LOCAL
B78: Tipo de Coleta | G78: Média Custo Mensal (2025) | I78: % | K78: Custo Total mensal com Adm. Local
B79: Coleta Resíduos Sólidos Domésticos | G79: 1188366 | I79: =G79/G83 -> 0.54885366 | K79: =K73*I79 -> 14437.869
B80: Coleta Conteinerizada | G80: 581527.79 | I80: =G80/G83 -> 0.26858195 | K80: =K73*I80 -> 7065.1823
B81: Coleta Seletiva | G81: 351607.43 | I81: =G81/G83 -> 0.16239191 | K81: =K73*I81 -> 4271.8003
B82: Coleta de Óleos | G82: 43677.01 | I82: =G82/G83 -> 0.020172478 | K82: =K73*I82 -> 530.6471
B83: TOTAL | G83: =SUM(G79:H82) -> 2165178.2 | I83: =SUM(I79:J82) -> 1 | K83: =SUM(K79:K82) -> 26305.499

Sheet OK 5.1 - COLETA ÓLEOS
B2: 6. COMPOSIÇÃO DE CUSTOS COM COLETA SELETIVA DE ÓLEO
B4: ORÇAMENTO SINTÉTICO
B5: DESCRIÇÃO DO ITEM | H5: QUANT. | I5: CUSTO UNITÁRIO MENSAL | K5: CUSTO TOTAL MENSAL
B6: 6.1. | C6: MÃO DE OBRA DIRETA | H6: =SUM(H7:H8) -> 3 | K6: =SUM(K7:K8) -> 20485.283
B7: 6.1.1. | C7: Coletor (diurno) | H7: 2 | I7: =K42 -> 6465.5533 | K7: =K43 -> 12931.107
B8: 6.1.2. | C8: Motorista (diurno) | H8: 1 | I8: =K63 -> 7554.1759 | K8: =K64 -> 7554.1759
B9: 6.2. | C9: UNIFORMES E EPIs | H9: =SUM(H10:H11) -> 3 | K9: =SUM(K10:K11) -> 472.37444
B10: 6.2.1. | C10: Uniformes e EPIs para coletores | H10: 2 | I10: =K85 -> 190.54389 | K10: =I10*H10 -> 381.08778
B11: 6.2.2. | C11: Uniformes e EPIs para motoristas | H11: 1 | I11: =K98 -> 91.286667 | K11: =I11*H11 -> 91.286667
B12: 6.3. | C12: VEÍCULOS E EQUIPAMENTOS | H12: =SUM(H13) -> 1 | K12: =K205 -> 8350.8267
B13: 6.3.1. | C13: Veículo tipo caminhão com carroceria aberta | H13: 1 | I13: =K202 -> 8350.8267 | K13: =K203 -> 8350.8267
B14: 6.4. | C14: FERRAMENTAS E MATERIAIS DE CONSUMO | K14: =K223 -> 187.50781
B15: 6.5. | C15: DESPESAS ADMINISTRATIVAS E BDI | K15: =K234 -> 34472.908
B16: 6.5.1. | C16: Despesas com administração local | H16: 1 | I16: =K232 -> 26305.499 | K16: =I16*H16 -> 26305.499
B17: 6.5.2. | C17: BDI | H17: 1 | I17: =K233 -> 8167.4088 | K17: =I17*H17 -> 8167.4088
B18: TOTAL ESTIMADO MENSAL | K18: =K15+K12+K9+K6+K14 -> 63968.9
B19: TOTAL ESTIMADO ANUAL (6 meses) | K19: =K18*6 -> 383813.4
B21: 6.1. DETALHAMENTO MÃO DE OBRA DIRETA
B23: 6.1.1. Coletor (diurno)
B24: I | C24: Grupo I - Composição da Remuneração | H24: Quantidade | I24: Unidade | J24: Custo un. | K24: Valor mensal/Posto
B25: I.A | C25: Salário-base mensal | H25: 220 | I25: h | J25: =K25/H25 -> 9.4650455 | K25: ='6 - DADOS CC MO'!E10 -> 2082.31
B26: I.A.1 | C26: Hora extra 100% (feriados) | H26: =7+1/3 -> 7.3333333 | I26: h | J26: =J25*2 -> 18.930091 | K26: =H26*J26 -> 138.82067
B27: I.A.2 | C27: Descanso Semanal Remunerado (DSR) - hora extra | J27: =61/304*(SUM(K26)) -> 27.855463 | K27: =J27 -> 27.855463
B28: I.B | C28: Adicional de Insalubridade | H28: 40 | I28: % | K28: =K25*40% -> 832.924
C29: TOTAL GRUPO I | K29: =SUM(K25:K28) -> 3081.9101
B30: II | C30: Grupo II - Encargos Sociais | J30: % | K30: Valor mensal/Posto
B31: II.A | C31: Obrigações Sociais | J31: ='7 - ENCARGOS SOCIAIS'!$D$13 -> 0.368 | K31: =J31*$K$29 -> 1134.1429
B32: II.B | C32: Tempo não trabalhado (reposição de profissional ausente) | J32: ='7 - ENCARGOS SOCIAIS'!$D$21 -> 0.15387245 | K32: =J32*$K$29 -> 474.22107
B33: II.C | C33: Provisão para rescisão | J33: ='7 - ENCARGOS SOCIAIS'!$D$28 -> 0.12666582 | K33: =J33*$K$29 -> 390.37266
B34: II.D | C34: Reincidências | J34: ='7 - ENCARGOS SOCIAIS'!$D$32 -> 0.059231502 | K34: =J34*$K$29 -> 182.54617
C35: TOTAL GRUPO II | J35: =SUM(J31:J34) -> 0.70776977 | K35: =SUM(K31:K34) -> 2181.2828
B36: III | C36: Grupo III - Demais Custos Relativos à Norma Coletiva ou Disposições Legais | H36: Média/Mês | I36: Custo un. | J36: Desc. (%) | K36: Valor mensal/Posto
B37: III.A | C37: Auxílio-alimentação (Desconto: cláusula 19ª CCT SEEAC-Pel) | H37: 26 | I37: 27.15 | J37: 0.19 | K37: =(H37*I37)-((H37*I37)*J37) -> 571.779
B38: III.B | C38: Vale Transporte (4 Passagens/dia; Desc: cláusula 21ª CCT) | H38: =H37*4 -> 104 | I38: 6.25 | J38: 0.06 | K38: =(H38*I38)-(K25*J38) -> 525.0614
B39: III.C | C39: Plano de Benefício Familiar | H39: 1 | I39: 25.52 | K39: =I39 -> 25.52
B40: III.D | C40: Assiduidade | H40: 1 | I40: 80 | K40: =I40 -> 80
C41: TOTAL GRUPO III | K41: =SUM(K37:K40) -> 1202.3604
B42: TOTAL MENSAL POR COLETOR DIURNO (GRUPO I+II+III) | K42: =K41+K35+K29 -> 6465.5533
B43: TOTAL MENSAL DO EFETIVO | I43: 2 | J43: posto | K43: =K42*I43 -> 12931.107
B45: 6.1.2. Motorista (diurno)
B46: I | C46: Grupo I - Composição da Remuneração | H46: Quantidade | I46: Unidade | J46: Custo un. | K46: Valor mensal/Posto
B47: I.A | C47: Salário-base mensal | H47: 220 | I47: h | J47: =K47/H47 -> 11.441227 | K47: ='6 - DADOS CC MO'!E22 -> 2517.07
B48: I.A.1 | C48: Hora extra 100% (feriados) | H48: =7+1/3 -> 7.3333333 | I48: h | J48: =J47*2 -> 22.882455 | K48: =H48*J48 -> 167.80467
B49: I.A.2 | C49: Descanso Semanal Remunerado (DSR) - hora extra | J49: =61/304*(SUM(K48)) -> 33.671331 | K49: =J49 -> 33.671331
B50: I.B | C50: Adicional de Insalubridade | H50: 40 | I50: % | K50: =K47*40% -> 1006.828
C51: TOTAL GRUPO I | K51: =SUM(K47:K50) -> 3725.374
B52: II | C52: Grupo II - Encargos Sociais | J52: % | K52: Valor mensal/Posto
B53: II.A | C53: Obrigações Sociais | J53: ='7 - ENCARGOS SOCIAIS'!$D$13 -> 0.368 | K53: =J53*$K$51 -> 1370.9376
B54: II.B | C54: Tempo não trabalhado (reposição de profissional ausente) | J54: ='7 - ENCARGOS SOCIAIS'!$D$21 -> 0.15387245 | K54: =J54*$K$51 -> 573.23243
B55: II.C | C55: Provisão para rescisão | J55: ='7 - ENCARGOS SOCIAIS'!$D$28 -> 0.12666582 | K55: =J55*$K$51 -> 471.87754
B56: II.D | C56: Reincidências | J56: ='7 - ENCARGOS SOCIAIS'!$D$32 -> 0.059231502 | K56: =J56*$K$51 -> 220.6595
C57: TOTAL GRUPO II | J57: =SUM(J53:J56) -> 0.70776977 | K57: =SUM(K53:K56) -> 2636.7071
B58: III | C58: Grupo III - Demais Custos Relativos à Norma Coletiva ou Disposições Legais | H58: Média/Mês | I58: Custo un. | J58: Desc. (%) | K58: Valor mensal/Posto
B59: III.A | C59: Auxílio-alimentação | H59: 26 | I59: 27.15 | J59: 0.19 | K59: =(H59*I59)-((H59*I59)*J59) -> 571.779
B60: III.B | C60: Vale Transporte (4 Passagens/dia; Desconto: Lei 7.418/1985) | H60: =H59*4 -> 104 | I60: 6.25 | J60: 0.06 | K60: =(H60*I60)-(K47*J60) -> 498.9758
B61: III.C | C61: Abono | H61: 1 | I61: 121.34 | K61: =I61 -> 121.34
C62: TOTAL GRUPO III | K62: =SUM(K59:K61) -> 1192.0948
B63: TOTAL MENSAL POR MOTORISTA DIURNO (GRUPO I+II+III) | K63: =K62+K57+K51 -> 7554.1759
B64: TOTAL MENSAL DO EFETIVO | I64: 1 | J64: posto | K64: =K63*I64 -> 7554.1759
B66: CUSTO MENSAL COM MÃO DE OBRA | K66: =K64+K43 -> 20485.283
B69: 6.2. DETALHAMENTO UNIFORMES E EQUIPAMENTOS DE PROTEÇÃO INDIVIDUAL - MÃO DE OBRA DIRETA
B71: 6.2.1. Uniformes e EPIs para Coletor
B72: Descrição | G72: Quant. semestral | H72: Preço médio un. | I72: Valor mensal unitário | K72: Valor mensal total
B73: Camiseta manga curta com refletivo | G73: 2 | H73: ='10 - CUSTOS UN'!J39 -> 42.74 | I73: =H73/6 -> 7.1233333 | K73: =I73*G73 -> 14.246667
B74: Camiseta manga longa com refletivo | G74: 2 | H74: ='10 - CUSTOS UN'!J33 -> 44.47 | I74: =H74/6 -> 7.4116667 | K74: =I74*G74 -> 14.823333
B75: Calça com refletivo | G75: 2 | H75: ='10 - CUSTOS UN'!J24 -> 55.08 | I75: =H75/6 -> 9.18 | K75: =I75*G75 -> 18.36
B76: Bermuda com refletivo | G76: 2 | H76: ='10 - CUSTOS UN'!J15 -> 44.393333 | I76: =H76/6 -> 7.3988889 | K76: =I76*G76 -> 14.797778
B77: Meia de algodão com cano alto (jogador de futebol) | G77: 3 | H77: ='10 - CUSTOS UN'!J84 -> 17.73 | I77: =H78/6 -> 1.535 | K77: =I77*G77 -> 4.605
B78: Boné tipo árabe | G78: 1 | H78: ='10 - CUSTOS UN'!J21 -> 9.21 | I78: =H78/6 -> 1.535 | K78: =I78*G78 -> 1.535
B79: Jaqueta com refletivo | G79: 1 | H79: ='10 - CUSTOS UN'!J66 -> 156.05667 | I79: =H79/6 -> 26.009444 | K79: =I79*G79 -> 26.009444
B80: Tênis de segurança | G80: 1 | H80: ='10 - CUSTOS UN'!J111 -> 116.83 | I80: =H80/6 -> 19.471667 | K80: =I80*G80 -> 19.471667
B81: Óculos de proteção solar | G81: 1 | H81: ='10 - CUSTOS UN'!$J$87 -> 4.7966667 | I81: =H81/6 -> 0.79944444 | K81: =I81*G81 -> 0.79944444
B82: Conjunto impermeável (calça + jaqueta) c/ refletivo | G82: 1 | H82: ='10 - CUSTOS UN'!J51 -> 212.19333 | I82: =H82/6 -> 35.365556 | K82: =I82*G82 -> 35.365556
B83: Luva de segurança | G83: 24 | H83: ='10 - CUSTOS UN'!J72 -> 8.27 | I83: =H83/6 -> 1.3783333 | K83: =I83*G83 -> 33.08
B84: Protetor solar com repelente, FPS 30 (frasco 120 ml) | G84: 3 | H84: ='10 - CUSTOS UN'!$J$99 -> 14.9 | I84: =H84/6 -> 2.4833333 | K84: =I84*G84 -> 7.45
B85: CUSTO MENSAL TOTAL POR POSTO | K85: =SUM(K73:K84) -> 190.54389
B86: CUSTO MENSAL TOTAL | G86: 2 | H86: posto | I86: =K85 -> 190.54389 | K86: =K85*G86 -> 381.08778
B88: 6.2.2. Uniformes e EPIs para Motorista
B89: Descrição | G89: Quant. semestral | H89: Preço médio un. | I89: Valor mensal unitário | K89: Valor mensal total
B90: Camiseta manga curta | G90: 2 | H90: ='10 - CUSTOS UN'!J36 -> 21.35 | I90: =H90/6 -> 3.5583333 | K90: =I90*G90 -> 7.1166667
B91: Calça | G91: 2 | H91: ='10 - CUSTOS UN'!J27 -> 67.736667 | I91: =H91/6 -> 11.289444 | K91: =I91*G91 -> 22.578889
B92: Jaqueta com refletivo | G92: 1 | H92: ='10 - CUSTOS UN'!J66 -> 156.05667 | I92: =H92/6 -> 26.009444 | K92: =I92*G92 -> 26.009444
B93: Botina de segurança | G93: 1 | H93: ='10 - CUSTOS UN'!J30 -> 84.38 | I93: =H93/6 -> 14.063333 | K93: =I93*G93 -> 14.063333
B94: Óculos de proteção solar | G94: 1 | H94: ='10 - CUSTOS UN'!$J$87 -> 4.7966667 | I94: =H94/6 -> 0.79944444 | K94: =I94*G94 -> 0.79944444
B95: Capa de chuva | G95: 1 | H95: ='10 - CUSTOS UN'!J42 -> 16.393333 | I95: =H95/6 -> 2.7322222 | K95: =I95*G95 -> 2.7322222
B96: Protetor solar com repelente, FPS 30 (frasco 120 ml) | G96: 6 | H96: ='10 - CUSTOS UN'!$J$99 -> 14.9 | I96: =H96/6 -> 2.4833333 | K96: =I96*G96 -> 14.9
B97: Colete refletivo | G97: 1 | H97: ='10 - CUSTOS UN'!J48 -> 18.52 | I97: =H97/6 -> 3.0866667 | K97: =I97*G97 -> 3.0866667
B98: CUSTO MENSAL TOTAL POR POSTO | K98: =SUM(K90:K97) -> 91.286667
B99: CUSTO MENSAL TOTAL | G99: 1 | H99: posto | I99: =K98 -> 91.286667 | K99: =I99*G99 -> 91.286667
B101: CUSTO MENSAL COM UNIFORMES E EPIs | K101: =K99+K86 -> 472.37444
B104: 6.3. VEÍCULOS E EQUIPAMENTOS
B106: Resumo Custos com Veículos e Equipamentos
B107: Item | C107: Descrição | I107: Custo mensal unitário | K107: Custo mensal total
B108: 6.3.1. | C108: Veículo Tipo Caminhão com Carroceria Aberta | I108: =K202 -> 8350.8267 | K108: =K203 -> 8350.8267
B109: 6.3.1.1. | C109: Depreciação | I109: =I134 -> 3889.04 | K109: =K134 -> 3889.04
B110: 6.3.1.2. | C110: Remuneração do Capital | I110: =I149 -> 778.42875 | K110: =K149 -> 778.42875
B111: 6.3.1.3. | C111: Impostos, Seguros e Outros | I111: =I161 -> 517.61306 | K111: =K161 -> 517.61306
B112: 6.3.1.4. | C112: Consumo de Combustível | I112: =I169 -> 1861.7143 | K112: =K169 -> 1861.7143
B113: 6.3.1.5. | C113: Óleos e Lubrificantes | I113: =I180 -> 131.1015 | K113: =K180 -> 131.1015
B114: 6.3.1.6. | C114: Pneus | I114: =I191 -> 110.92911 | K114: =K191 -> 110.92911
...

Sheet 6 - DADOS CC MO
C2: 7. DADOS COMPLEMENTARES PARA COMPOSIÇÃO DOS CUSTOS REFERENTE À MÃO DE OBRA
C4: A | D4: COLETOR DE LIXO DOMICILIAR
C5: 1 | D5: Classificação Brasileira de Ocupações (CBO) | E5: 5142-05
C6: 2 | D6: Sindicato representativo da categoria profissional | E6: SEEAC-PEL
C7: 3 | D7: Ano/Mês do Acordo, Convenção ou Sentença Normativa em Dissídio Coletivo | E7: 2026
C8: 4 | D8: Número de Registro no MTE | E8: RS000061/2026
C9: 5 | D9: Data-base da Categoria | E9: 46023
C10: 6 | D10: Salário normativo vigente da categoria profissional (44h/semana) | E10: 2082.31
C11: 7 | D11: Incidência de Insalubridade | E11: 0.4
C12: 8 | D12: Valor mínimo para Vale-Alimentação/dia de efetivo trabalho | E12: 27.15
C13: 9 | D13: Plano de Benefício Familiar | E13: 25.52
C14: 10 | D14: Assiduidade (cláusula 19ª CCT SEEAC-PEL) | E14: 80
C16: B | D16: MOTORISTA DE CAMINHÃO COLETOR
C17: 1 | D17: Classificação Brasileira de Ocupações (CBO) | E17: 7825-10
C18: 2 | D18: Sindicato representativo da categoria profissional | E18: STTRP
C19: 3 | D19: Ano/Mês do Acordo, Convenção ou Sentença Normativa em Dissídio Coletivo | E19: 2025
C20: 4 | D20: Número de Registro no MTE | E20: RS003048/2026
C21: 5 | D21: Data-base da Categoria | E21: 46143
C22: 6 | D22: Salário normativo vigente da categoria profissional (44h/semana) | E22: 2517.07
C23: 7 | D23: Incidência de Insalubridade (Conforme NR 15, Anexo 14, Portaria 3214 - M.T.E) | E23: 0.4
C24: 8 | D24: Adicional Noturno (cláusula 12ª CCT STTRP) | E24: 0.4
C25: 9 | D25: Valor mínimo para Vale-Alimentação/dia de efetivo trabalho (CCT SEEAC-PEL)(1) | E25: 27.15
C26: 10 | D26: Abono (Cláusula 5ª da CCT) | E26: 121.34
C28: C | D28: MECÂNICO
C29: 1 | D29: Classificação Brasileira de Ocupações (CBO) | E29: 9144-05
C30: 2 | D30: Sindicato representativo da categoria profissional | E30: STIMMMEP
C31: 3 | D31: Ano/Mês do Acordo, Convenção ou Sentença Normativa em Dissídio Coletivo | E31: 2025
C32: 4 | D32: Número de Registro no MTE | E32: RS003202/2025
C33: 5 | D33: Data-base da Categoria | E33: 45778
C34: 6 | D34: Salário normativo vigente da categoria profissional (44h/semana)(2) | E34: 2127.2
C35: 7 | D35: Incidência de Insalubridade (Conforme NR 15, Anexo 14, Portaria 1214 - M.T.E) | E35: 0.4
C36: 8 | D36: Valor mínimo para Vale-Alimentação/dia de efetivo trabalho (CCT SEEAC-PEL)(1) | E36: 27.15
C37: 9 | D37: Plano de Benefício Familiar | E37: 25.52
C39: D | D39: AUXILIAR DE MECÂNICO
C40: 1 | D40: Classificação Brasileira de Ocupações (CBO) | E40: 9144-05
C41: 2 | D41: Sindicato representativo da categoria profissional | E41: STIMMMEP
C42: 3 | D42: Ano/Mês do Acordo, Convenção ou Sentença Normativa em Dissídio Coletivo | E42: 2025
C43: 4 | D43: Número de Registro no MTE | E43: RS003202/2025
C44: 5 | D44: Data-base da Categoria | E44: 45778
C45: 6 | D45: Salário normativo vigente da categoria profissional (44h/semana)(2) | E45: 1896.36
C46: 7 | D46: Incidência de Insalubridade (Conforme NR 15, Anexo 14, Portaria 1214 - M.T.E) | E46: 0.4
C47: 8 | D47: Valor mínimo para Vale-Alimentação/dia de efetivo trabalho (CCT SEEAC-PEL)(1) | E47: 27.15
C48: 9 | D48: Plano de Benefício Familiar | E48: 25.52
C50: E | D50: AUXILIAR ADMINISTRATIVO
C51: 1 | D51: Classificação Brasileira de Ocupações (CBO) | E51: 4110-05
C52: 2 | D52: Sindicato representativo da categoria profissional | E52: SEEAC-PEL
C53: 3 | D53: Ano/Mês do Acordo, Convenção ou Sentença Normativa em Dissídio Coletivo | E53: 2026
C54: 4 | D54: Número de Registro no MTE | E54: RS000061/2026
C55: 5 | D55: Data-base da Categoria | E55: 46023
C56: 6 | D56: Salário normativo vigente da categoria profissional (44h/semana) | E56: 2307.83
C57: 7 | D57: Valor mínimo para Vale-Alimentação/dia de efetivo trabalho | E57: 27.15
C58: 8 | D58: Plano de Benefício Familiar | E58: 25.52
C59: 9 | D59: Assiduidade (cláusula 19ª CCT SEEAC-PEL) | E59: 80
C61: F | D61: AUXILIAR DE SERVIÇOS GERAIS
C62: 1 | D62: Classificação Brasileira de Ocupações (CBO) | E62: 5143
C63: 2 | D63: Sindicato representativo da categoria profissional | E63: SEEAC-PEL
C64: 3 | D64: Ano/Mês do Acordo, Convenção ou Sentença Normativa em Dissídio Coletivo | E64: 2026
C65: 4 | D65: Número de Registro no MTE | E65: RS000061/2026
C66: 5 | D66: Data-base da Categoria | E66: 46023
C67: 6 | D67: Salário normativo vigente da categoria profissional (44h/semana) | E67: 1765.86
C68: 7 | D68: Incidência de Insalubridade | E68: 0.4
C69: 8 | D69: Valor mínimo para Vale-Alimentação/dia de efetivo trabalho | E69: 27.15
C70: 9 | D70: Plano de Benefício Familiar | E70: 25.52
C71: 10 | D71: Assiduidade (cláusula 19ª CCT SEEAC-PEL) | E71: 80
C73: G | D73: LAVADOR DE VEÍCULOS
C74: 1 | D74: Classificação Brasileira de Ocupações (CBO) | E74: 5199-35
C75: 2 | D75: Sindicato representativo da categoria profissional | E75: SEEAC-PEL
C76: 3 | D76: Ano/Mês do Acordo, Convenção ou Sentença Normativa em Dissídio Coletivo | E76: 2026
C77: 4 | D77: Número de Registro no MTE | E77: RS000061/2026
C78: 5 | D78: Data-base da Categoria | E78: 46023
C79: 6 | D79: Salário normativo vigente da categoria profissional (44h/semana) | E79: 1765.86
C80: 7 | D80: Incidência de Insalubridade | E80: 0.4
C81: 8 | D81: Valor mínimo para Vale-Alimentação/dia de efetivo trabalho | E81: 27.15
C82: 9 | D82: Plano de Benefício Familiar | E82: 25.52
C83: 10 | D83: Assiduidade (cláusula 19ª CCT SEEAC-PEL) | E83: 80
C85: H | D85: VIGIA
C86: 1 | D86: Classificação Brasileira de Ocupações (CBO) | E86: 5174-20
C87: 2 | D87: Sindicato representativo da categoria profissional | E87: SEEAC-PEL
C88: 3 | D88: Ano/Mês do Acordo, Convenção ou Sentença Normativa em Dissídio Coletivo | E88: 2026
C89: 4 | D89: Número de Registro no MTE | E89: RS000061/2026
C90: 5 | D90: Data-base da Categoria | E90: 46023
C91: 6 | D91: Salário normativo vigente da categoria profissional (44h/semana) | E91: 2126.25
C92: 7 | D92: Valor mínimo para Vale-Alimentação/dia de efetivo trabalho | E92: 27.15
C93: 8 | D93: Plano de Benefício Familiar | E93: 25.52
C94: 9 | D94: Assiduidade (cláusula 19ª CCT SEEAC-PEL) | E94: 80
C96: I | D96: ENCARREGADO
C97: 1 | D97: Classificação Brasileira de Ocupações (CBO) | E97: 510105
C98: 2 | D98: Sindicato representativo da categoria profissional | E98: -
C99: 3 | D99: Ano/Mês do Acordo, Convenção ou Sentença Normativa em Dissídio Coletivo | E99: -
C100: 4 | D100: Número de Registro no MTE | E100: -
C101: 5 | D101: Data-base da Categoria | E101: -
C102: 6 | D102: Salário normativo vigente da categoria profissional (44h/semana)(3) | E102: 3600
C103: 7 | D103: Incidência de Insalubridade (Conforme NR 15, Anexo 14, Portaria 1214 - M.T.E) | E103: 0.4
C104: 8 | D104: Valor mínimo para Vale-Alimentação/dia de efetivo trabalho (CCT SEEAC-PEL)(1) | E104: 27.15
C105: 9 | D105: Plano de Benefício Familiar | E105: 25.52
C107: J | D107: GERENTE GERAL
C108: 1 | D108: Classificação Brasileira de Ocupações (CBO) | E108: 1421
C109: 2 | D109: Sindicato representativo da categoria profissional | E109: -
C110: 3 | D110: Ano/Mês do Acordo, Convenção ou Sentença Normativa em Dissídio Coletivo | E110: -
C111: 4 | D111: Número de Registro no MTE | E111: -
...

Sheet 7 - ENCARGOS SOCIAIS
B2: 8. COMPOSIÇÃO DOS ENCARGOS SOCIAIS
B4: A | C4: GRUPO A - OBRIGAÇÕES SOCIAIS | D4: Incidência
B5: A1 | C5: INSS (art. 22, inc. I, da Lei 8.212/91) | D5: 0.2
B6: A2 | C6: SESI ou SESC (art. 30, da Lei 8.036/90 e art. 1º da Lei 8.154/90) | D6: 0.015
B7: A3 | C7: SENAI ou SENAC (art. 30, Decreto-Lei 2.318/86) | D7: 0.01
B8: A4 | C8: INCRA (art. 1º , inc. I do Decreto-Lei 1.146/70) | D8: 0.002
B9: A5 | C9: SEBRAE (Lei 8.029/90, alterada pela Lei 8.154/1990) | D9: 0.006
B10: A6 | C10: Salário Educação (Art. 3°, inc. I, do Decreto 87.043/1982) | D10: 0.025
B11: A7 | C11: Seguro Contra Acidentes de Trabalho (Art. 22, inc. II, Lei 8.212/91) | D11: 0.03
B12: A8 | C12: FGTS (art. 15 da Lei 8.036/90 e art. 7º, inc. III, da CF/88) | D12: 0.08
B13: A | C13: SOMA GRUPO A | D13: =SUM(D5:D12) -> 0.368
B14: B | C14: GRUPO B - TEMPO NÃO TRABALHADO
B15: B1 | C15: Férias Gozadas + 1/3 | D15: =IF('8 - CAGED'!C15>24,(1-'8 - CAGED'!C14)*('8 - CAGED'!C18+'8 - CAGED'!C17)/'8 - CAGED'!C16,('8 - CAGED'!C18+'8 - CAGED'!C17)/'8 - CAGED'!C16-'7 - ENCARGOS SOCIAIS'!D24) -> 0.042085159
B16: B2 | C16: 13º Salário | D16: ='8 - CAGED'!C19/'8 - CAGED'!C16 -> 0.083333333
B17: B3 | C17: Licença Paternidade | D17: =((5*0.8503*0.0502)/360) -> 0.00059284806
B18: B4 | C18: Faltas justificadas | D18: =2.96/360 -> 0.0082222222
B19: B5 | C19: Auxílio acidente de trabalho | D19: =(15*0.074)/360 -> 0.0030833333
B20: B6 | C20: Auxílio doença | D20: =5.96/360 -> 0.016555556
B21: B | C21: SOMA GRUPO B | D21: =SUM(D15:D20) -> 0.15387245
B22: C | C22: GRUPO C - PROVISÃO PARA RESCISÃO
B23: C1 | C23: Aviso prévio indenizado | D23: =('8 - CAGED'!C20*'8 - CAGED'!C13)/'8 - CAGED'!C16 -> 0.0325805
B24: C2 | C24: Férias indenizadas | D24: =IF('8 - CAGED'!C15>12,((12/'8 - CAGED'!C15)*('8 - CAGED'!C18+'8 - CAGED'!C17))/'8 - CAGED'!C16,('8 - CAGED'!C17+'8 - CAGED'!C18)/'8 - CAGED'!C16) -> 0.069025952
B25: C3 | C25: Férias indenizadas s/ aviso prévio indenizado | D25: =D24*D23 -> 0.0022489
B26: C4 | C26: Depósito rescisão sem justa causa | D26: =('8 - CAGED'!C16+'8 - CAGED'!C19+'8 - CAGED'!C17)/'8 - CAGED'!C14*'8 - CAGED'!C21*'8 - CAGED'!C22*'8 - CAGED'!C13/'8 - CAGED'!C16 -> 0.020342244
B27: C5 | C27: Indenização adicional | D27: =('8 - CAGED'!C18/'8 - CAGED'!C16)*'8 - CAGED'!C13/12 -> 0.0024682197
B28: C | C28: SOMA GRUPO C | D28: =SUM(D23:D27) -> 0.12666582
B29: D | C29: GRUPO D - REINCIDÊNCIAS
B30: D1 | C30: Reincidência de Grupo A sobre Grupo B | D30: =D13*D21 -> 0.056625062
B31: D2 | C31: Reincidência de FGTS sobre aviso prévio indenizado | D31: ='8 - CAGED'!C21*'7 - ENCARGOS SOCIAIS'!D23 -> 0.00260644
B32: D | C32: SOMA GRUPO D | D32: =D30+D31 -> 0.059231502
C33: SOMA (A+B+C+D) | D33: =D13+D21+D28+D32 -> 0.70776977

Sheet 8 - CAGED
B2: 9. CAGED
B4: Rio Grande do Sul - Coleta de Resíduos Não-Perigosos - CNAE 38114
B5: Admissões | C5: 4724
B6: Desligamentos | C6: 4492
B7: Dispensados sem justa causa(¹) | C7: =C6*0.5869 -> 2636.3548
B8: Indicadores
B9: Estoque recuperado início do Período 01-01-2025 | C9: 6956
B10: Estoque recuperado final do Período 31-12-2025 | C10: 7879
B11: Variação Emprego Absoluta de 01-01-2025 a 31-12-2025 | C11: =C5-C6 -> 232
B12: Estoque Médio | C12: =MEDIAN(C9:C10) -> 7417.5
B13: % Demitidos sem justa causa em relação ao estoque médio | C13: =C7/C12 -> 0.35542363
B14: Taxa de rotatividade | C14: =((C5+C6)/2)/C12 -> 0.62123357
B15: Rotatividade temporal (meses) | C15: =12/C14 -> 19.316406
B16: Dias ano | C16: 360
B17: 1/3 de férias (dias) | C17: 10
B18: Férias (dias) | C18: 30
B19: 13º Salário (dias) | C19: 30
B20: Dias de aviso prévio | C20: =30+(3*TRUNC(1,C14)) -> 33
B21: FGTS | C21: 0.08
B22: Multa FGTS | C22: 0.4
B25: Notas Explicativas
B26: (¹) Para o cálculo de percentual de demitidos sem justa causa, optou-se por realizar a proporção obtida entre o nº de dispensados sem justa causa/nº desligamentos totais dispostos na planilha modelo do TCE, que considera os dados do CAGED (2019), tendo em vista que os dados do Novo CAGED não discriminam o tipo de desligamento. Obteve-se a proporção de 58,69%, a qual foi utilizada para estimar o número de dispensados sem justa causa no ano de 2025.
B27: Referências
B28: MINISTÉRIO DO TRABALHO E EMPREGO. Painel de Informações do Novo CAGED. Junho de 2026. Disponível em: <https://app.powerbi.com/view?r=eyJrIjoiNWI5NWI0ODEtYmZiYy00Mjg3LTkzNWUtY2UyYjIwMDE1YWI2IiwidCI6IjNlYzkyOTY5LTVhNTEtNGYxOC04YWM5LWVmOThmYmFmYTk3OCJ9&pageName=ReportSectionb52b07ec3b5f3ac6c749>. Acesso em: 27 jun. 2026. RIO GRANDE DO SUL. Tribunal de Contas do Estado. Orientação Técnica – Serviços de Coleta de Resíduos Sólidos Domiciliares. 2º ed. Porto Alegre: TCE-RS, 2019. Disponível em: <https://tcers.tc.br/repo/orientacoes_gestores/Coleta-de-Residuos-S%C3%B3lidos.pdf>. Acesso em: 27 jun. 2026.

Sheet 9 - BDI
B2: 10. COMPOSIÇÃO DO BDI - BENEFÍCIOS E DESPESAS INDIRETAS
B4: Item | C4: Descrição | D4: %
B5: A | C5: Administração Central (AC)(1) | D5: 0.0508
B6: B | C6: Seguros/Riscos/Garantias (SRG) | D6: 0.0133
B7: C | C7: Lucro (L) | D7: 0.1085
B8: D | C8: Despesas Financeiras (DF)(2) | D8: =(1+D9)^(D10/252)-1 -> 0.0051255062
B9: D.1 | C9: i (Taxa Selic) | D9: 0.1375
B10: D.2 | C10: DU (nº de dias)(3) | D10: 10
B11: E | C11: Tributos (T)(4) | D11: =SUM(D12:D14) -> 0.0715
B12: E.1 | C12: ISS | D12: 0.035
B13: E.2 | C13: PIS/PASEP | D13: 0.0065
B14: E.3 | C14: COFINS | D14: 0.03
C15: TOTAL BDI(5) | D15: =(((1+D5+D6)*(1+D7)*(1+D8))/(1-D11))-1 -> 0.27689894
B16: (1) Os percentuais de Administração Central (AC), Seguros/Riscos/Garantias (SRG) e Lucro (L) foram baseados no estudo do TCE apresentado na Orientação Técnica de Serviços de Coleta de Resíduos Sólidos Domiciliares – Projeto, Contratação e Fiscalização – TCE/RS – 2ª Edição, 2019.
B17: (2) Base de cálculo para Despesas Financeiras: DF = (1 + i)DU/252 - 1
B18: (3) DU = média de dias úteis entre a data de pagamento prevista no contrato e a data final do período de adimplemento da parcela.
B19: (4) Tributos baseados no Lucro Presumido (regime de incidência cumulativa).
B20: (5) Base de Cálculo do BDI: BDI = {[(1+AC+SRG) x (1+L) x (1+DF)] / (1-T)} -1

Sheet 10 - CUSTOS UN
B2: 11. COMPOSIÇÃO DE CUSTOS
B4: 10.1. Custos com EPIs e Materiais de Consumo
B5: SEQ. | C5: DESCRIÇÃO | D5: UNIDADE | E5: FORNECEDOR | F5: CNPJ | G5: FONTE | H5: DATA DA COTAÇÃO | I5: VALOR UN. | J5: PREÇO MÉDIO UN.
B6: 10.1.1 | C6: Álcool gel 70%, embalagem 5 litros. | D6: unidade | E6: SCHUZA COMERCIO DE DESCARTAVEIS, HIGIENE E LIMPEZA LTDA | F6: 09.644.894/0001-27 | G6: PE 43/2024 PM de Boa Vista do Sul | H6: 45596 | I6: 36.15 | J6: =AVERAGE(I6:$I$8) -> 34.836667
E7: TRIADE LOG COMERCIO E SERVIÇOS EIRELI | F7: 21.589.563/0001-37 | G7: Cotação própria | H7: 45965 | I7: 38.33
E8: ADEMIR ABRAO BRUSTOLIN | F8: 32.121.534/0001-62 | G8: PE 4/2025 PM de Estação | H8: 45716 | I8: 30.03
B9: 10.1.2 | C9: Avental impermeável de vinil ou PVC | D9: unidade | E9: AD LICITAÇÕES LTDA | F9: 56.900.847/0001-87 | G9: PE 06/2025 PM de Camaquã | H9: 45741 | I9: 8.2 | J9: =AVERAGE(I9:I11) -> 8.4966667
E10: T&T INDÚSTRIA, COMÉRCIO, IMPORTAÇÃO E EXPORTAÇÃO LTDA | F10: 26.348.306/0001-27 | G10: PE 85/2024 PM de Novo Hamburgo | H10: 45581 | I10: 8.25
E11: BLUSAFE EQUIPAMENTOS DE PROTEÇÃO INDIVIDUAL LTDA | F11: 36.091.140/0001-60 | G11: PE 25/2024 PM de Tapera | H11: 45625 | I11: 9.04
B12: 10.1.3 | C12: Bag para armazenamento de material pós coleta, tipo saco de lixo, com identificação por cor. (capacidade 100 litros, pacote com 100 unidades) | D12: pacote | E12: TOK LIMP DISTRIBUIDORA DE PRODUTOS DE LIMPEZA E AUTOMOTIVA LTDA | F12: 20.476.201/0001-77 | G12: Cotação própria | H12: 45769 | I12: 89.25 | J12: =AVERAGE(I12:$I$14) -> 94.673333
E13: KM COMERCIO ATACADISTA DE EMBALAGENS - EIRELI | F13: 02.236.630/0001-95 | G13: Cotação própria | H13: 45769 | I13: 97.12
E14: HD DISTRIBUIDORA DE PRODUTOS HIGIENICOS E DESCARTAVEIS LTDA | F14: 03.868.183/0001-50 | G14: Cotação própria | H14: 45769 | I14: 97.65
B15: 10.1.4 | C15: Bermuda de brim resistente, com refletivo. | D15: unidade | E15: PETTER UNIFORMES EIRELI | F15: 16.996.110/0001-95 | G15: PE 77/2024 PM de Capão da Canoa | H15: 45490 | I15: 40.1 | J15: =AVERAGE(I15:$I$17) -> 44.393333
E16: GALERIA DOS ESPORTES LTDA | F16: 03.159.962/0001-86 | G16: PE 65/2024 PM de Panambi | H16: 45456 | I16: 48.98
E17: DU RIO UNIFORMES BRASIL | F17: 43.950.473/0001-62 | G17: Cotação própria | H17: 45750 | I17: 44.1
B18: 10.1.5 | C18: Bombona plástica com torneira, capacidade 10 litros. | D18: unidade | E18: LUMILABOR PRODUTOS PARA LABORATÓRIO | F18: 51.119.586/0001-49 | G18: Cotação própria | H18: 45758 | I18: 82.98 | J18: =AVERAGE(I18:$I$20) -> 83.66
E19: LINKLAB PRODUTOS CIENTIFICOS LTDA | F19: 48.760.622/0001-44 | G19: Cotação própria | H19: 45758 | I19: 78.75
E20: BCLAB PRODUTOS LABORATORIAIS | F20: 39.409.828/0001-33 | G20: Cotação própria | H20: 45758 | I20: 89.25
B21: 10.1.6 | C21: Boné tipo árabe, para auxílio na proteção contra radiação solar. | D21: unidade | E21: EURO MAIS INDÚSTRIA, COMÉRCIO E CONSULTORIA LTDA | F21: 44.998.858/0001-62 | G21: PE 85/2024 PM de Novo Hamburgo | H21: 45581 | I21: 9.34 | J21: =AVERAGE(I21:$I$23) -> 9.21
E22: BARÃOSEG LTDA | F22: 53.763.552/0001-18 | G22: PE 52/2024 PM de Osório | H22: 45632 | I22: 9.68
E23: EPIFORTTE - COMERCIO DE EQUIPAMENTOS DE PROTECAO INDIVIDUAL LTDA | F23: 37.596.344/0001-15 | G23: Cotação própria | H23: 45632 | I23: 8.61
B24: 10.1.7 | C24: Calça de brim ou sarja resistente, com refletivo. | D24: unidade | E24: JB PONTES COMÉRCIO LTDA | F24: 48.937.333/0001-78 | G24: PE 06/2025 PM de Camaquã | H24: 45741 | I24: 63.22 | J24: =AVERAGE(I24:$I$26) -> 55.08
E25: DANIEL RICARDO HAAS FIN | F25: 49.578.502/0001-93 | G25: PE 31/2024 PM de Igrejinha | H25: 45425 | I25: 47.76
E26: PETTER UNIFORMES LTDA | F26: 16.996.110/0001-95 | G26: PE 77/2024 PM de Capão da Canoa | H26: 45490 | I26: 54.26
B27: 10.1.8 | C27: Calça de brim ou sarja resistente. | D27: unidade | E27: FACCINA DALTORA EQUIPAMENTOS DE SEGURANÇA LTDA | F27: 04.584.756/0001-86 | G27: PE 16/2024 PM de Estação | H27: 45436 | I27: 67.5 | J27: =AVERAGE(I27:$I29) -> 67.736667
E28: EXTINSOLDA MÁQUINAS E FERRAMENTAS LTDA | F28: 90.150.376/0001-75 | G28: Cotação própria | H28: 45758 | I28: 72.72
E29: PETTER UNIFORMES LTDA | F29: 16.996.110/0001-95 | G29: PE 01/2025 CONDESUS | H29: 45699 | I29: 62.99
B30: 10.1.9 | C30: Calçado de segurança tipo botina, com biqueira de aço ou composite, solado bidensidade antiderrapante, com absorção de energia na área do salto (calcanhar); | D30: par | E30: RP COMERCIAL LTDA | F30: 20.604.417/0001-70 | G30: PE 57/2024 PM de Arroio do Tigre | H30: 45625 | I30: 80.62 | J30: =AVERAGE(I30:$I$32) -> 84.38
E31: LF COMERCIAL DE BENS LTDA | F31: 91.845.735/0004-14 | G31: Cotação própria | H31: 45754 | I31: 94.39
E32: ASTRO DISTRIBUIDORA LTDA | F32: 18.597.685/0001-60 | G32: Cotação própria | H32: 45754 | I32: 78.13
B33: 10.1.10 | C33: Camiseta de malha manga longa, com refletivo. | D33: unidade | E33: BENVENUTTI UNIFORMES LTDA | F33: 11.606.391/0001-09 | G33: Cotação própria | H33: 45777 | I33: 40.84 | J33: =AVERAGE(I33:$I$35) -> 44.47
E34: CONFECÇÃO MAPA LTDA | F34: 30.185.499/0001-10 | G34: Cotação própria | H34: 45751 | I34: 47.14
E35: ZEN UNIFORMES LTDA | F35: 22.692.670/0001-59 | G35: Cotação própria | H35: 45751 | I35: 45.43
B36: 10.1.11 | C36: Camiseta de malha, tecido 100% algodão, manga curta. | D36: unidade | E36: QUALIJU MALHAS LTDA | F36: 16.575.469/0001-99 | G36: Cotação própria | H36: 45777 | I36: 18.48 | J36: =AVERAGE(I36:$I$38) -> 21.35
E37: BRINDES TIC TAC LTDA | F37: 33.583.462/0001-38 | G37: PE 30/2024 PM de Capão do Leão | H37: 45482 | I37: 20.7
E38: MARIA ELIZABETH MOURA MORALES CONFECÇÕES EIRELI | F38: 30.577.619/0001-24 | G38: PE 57/2024 PM de Arroio do Tigre | H38: 45625 | I38: 24.87
B39: 10.1.12 | C39: Camiseta manga curta com faixa refletiva. | D39: unidade | E39: ZEN UNIFORMES LTDA | F39: 22.692.670/0001-59 | G39: Cotação própria | H39: 45751 | I39: 42 | J39: =AVERAGE(I39:$I$41) -> 42.74
E40: RUBENS GANGUCU DE OLIVEIRA FILHO CONFECÇÕES | F40: 34.993.230/0001-10 | G40: Cotação própria | H40: 45751 | I40: 46.72
E41: COPAL INDUSTRIA E COMÉRCIO DE BENS LTDA | F41: 89.580.310/0001-36 | G41: Cotação própria | H41: 45751 | I41: 39.5
B42: 10.1.13 | C42: Capa de chuva em material PVC impermeável, fechamento em botões de pressão. | D42: unidade | E42: BARÃOSEG LTDA | F42: 53.763.552/0001-18 | G42: PE 02/2025 PM de Nova Ramada | H42: 45727 | I42: 18.01 | J42: =AVERAGE(I42:$I$44) -> 16.393333
E43: CITY CLEAN COM. EQUIPAMENTOS LTDA | F43: 48.256.518/0001-17 | G43: PE 01/2025 CONDESUS | H43: 45699 | I43: 14.72
E44: ALS UNIFORMES PROFISSIONAIS LTDA | F44: 43.496.899/0001-98 | G44: PE 19/2024 PM de Aceguá | H44: 45512 | I44: 16.45
B45: 10.1.14 | C45: Carrinho metálico com roda de borracha pneumática para transporte de carga. | D45: unidade | E45: FERRO FERRAMENTAS INDUSTRIAIS LTDA | F45: 25.003.733/0001-00 | G45: Cotação própria | H45: 45769 | I45: 427.4 | J45: =AVERAGE(I45:$I$47) -> 416.23
E46: PALÁCIO DAS FERRAMENTAS LTDA | F46: 68.422.419/0001-75 | G46: Cotação própria | H46: 45769 | I46: 412.98
E47: SUPER-PRO COMÉRCIO DE EQUIPAMENTOS E FERRAMENTAS LTDA | F47: 08.858.579/0015-35 | G47: Cotação própria | H47: 45769 | I47: 408.31
B48: 10.1.15 | C48: Colete refletivo | D48: unidade | E48: PIZANI EQUIPAMENTOS DE SEGURANCA LTDA | F48: 19.611.064/0001-57 | G48: PE 77/2024 PM de Capão da Canoa | H48: 45490 | I48: 19.12 | J48: =AVERAGE(I48:$I$50) -> 18.52 | N48: =LOWER(L48)
E49: T&T INDÚSTRIA, COMÉRCIO, IMPORTAÇÃO E EXPORTAÇÃO LTDA | F49: 26.348.306/0001-27 | G49: PE 33/2024 PM de Itati | H49: 45497 | I49: 16.93
E50: ASTRO DISTRIBUIDORA LTDA | F50: 18.597.685/0001-60 | G50: Cotação própria | H50: 45796 | I50: 19.51
B51: 10.1.16 | C51: Conjunto de jaqueta e calça para chuva confeccionada em tecido de nylon revestido de pvc, com capuz e refletivo nas duas peças. | D51: conjunto | E51: VERTICE COM. DE ROUPAS E ACESSÓRIOS LTDA | F51: 08.763.888/0001-26 | G51: PE 257/2024 PM de Caxias do Sul | H51: 45588 | I51: 195.45 | J51: =AVERAGE(I51:$I$53) -> 212.19333
E52: LP EQUIPAMENTOS DE PROTECAO LTDA | F52: 41.483.730/0001-78 | G52: PE 13/2024 PM de Porto Vera Cruz | H52: 45468 | I52: 231.14
E53: REAL EPIS - COMERCIO DE EQUIPAM. DE SEGURAN. LTDA | F53: 10.839.633/0001-41 | G53: PE 01/2025 PM DE PORTO LUCENA | H53: 45755 | I53: 209.99
B54: 10.1.17 | C54: Creme protetor para mãos, tipo para óleos e graxas, com atendimento às normas da ANVISA, tubo de 200g. | D54: unidade | E54: PROJESUL COM. DE EQUIP. E ASSESSORIA EM MED. E SEG. DO TRABALHO LTDA | F54: 05.763.618/0001-27 | G54: PE 136/2024 FHGV | H54: 45679 | I54: 9.4 | J54: =AVERAGE(I54:$I$56) -> 10.023333
E55: KAEMA SINALIZAÇÃO E UNIFORMES | F55: 36.158.958/0001-52 | G55: Cotação própria | H55: 45754 | I55: 10.39
E56: SINGULAR COMERCIO DE EPI LTDA | F56: 20.838.307/0001-73 | G56: Cotação própria | H56: 45754 | I56: 10.28
B57: 10.1.18 | C57: Estopa para limpeza (400 g) | D57: pacote | E57: MERCASERRA MATERIAIS PARA CONSTRUÇÃO LTDA | F57: 06.099.646/0001-54 | G57: PE 136/2024 CODECA | H57: 45586 | I57: 9.18 | J57: =AVERAGE(I57:$I$59) -> 8.4466667
E58: G.M.I. DISTRIBUIDORA LTDA | F58: 04.098.359/0001-02 | G58: Cotação própria | H58: 45796 | I58: 8.38
E59: COMERCIAL ANTONIO CARVALHO LTDA | F59: 02.559.428/0001-02 | G59: Cotação própria | H59: 45796 | I59: 7.78
B60: 10.1.19 | C60: Frasco plástico com válvula tipo pump, com capacidade para 500 ml. | D60: unidade | E60: KAPRICHO DISTRIBUIDORA LTDA | F60: 27.403.752/0001-50 | G60: PE 12/2025 PM de Boa Vista do Sul | H60: 45744 | I60: 4.22 | J60: =AVERAGE(I60:$I$62) -> 4.14
E61: R. AKIMOTO COMERCIO DE EMBALAGENS E ESSENCIAS LTDA | F61: 45.902.789/0001-04 | G61: Cotação própria | H61: 45965 | I61: 3.72
E62: TRIADE LOG COMERCIO E SERVIÇOS EIRELI EPP | F62: 21.589.563/0001-37 | G62: Cotação própria | H62: 45796 | I62: 4.48
B63: 10.1.20 | C63: Jaqueta em tecido impermeável com forro interno | D63: unidade | E63: THAYNA ZANGRANDE VENTURA GUERREIRO | F63: 50.373.558/0001-90 | G63: PE 16/2024 PM de Estação | H63: 45436 | I63: 110.3 | J63: =AVERAGE(I63:$I$65) -> 111.56333
E64: PETTER UNIFORMES EIRELI | F64: 16.996.110/0001-95 | G64: PE 77/2024 PM de Capão da Canoa | H64: 45490 | I64: 103.06
E65: 52.731.028 MANUELA DAGOSTIM FERNANDES DE MELLO | F65: 52.731.028/0001-00 | G65: PE 20/2024 PM de Arroio Grande | H65: 45429 | I65: 121.33
B66: 10.1.21 | C66: Jaqueta em tecido impermeável com forro interno, com refletivo | D66: unidade | E66: FACCINA DALTORA EQUIPAMENTOS DE SEGURANCA LTDA | F66: 04.584.756/0001-86 | G66: PE 65/2024 PM de Panambi | H66: 45456 | I66: 150.6 | J66: =AVERAGE(I66:$I$68) -> 156.05667
E67: ALELISE COMÉRCIO DE ARTIGOS DO VESTUÁRIO LTDA | F67: 13.045.571/0001-94 | G67: RPE 35/2024 PM de Santa Cruz do Sul | H67: 45461 | I67: 161.8
E68: PETTER UNIFORMES EIRELI | F68: 16.996.110/0001-95 | G68: PE 88/2024 PM de Alvorada | H68: 45674 | I68: 155.77
B69: 10.1.22 | C69: Luva de látex multiuso. | D69: par | E69: LF COMERCIAL DE BENS LTDA | F69: 91.845.735/0004-14 | G69: Cotação própria | H69: 45754 | I69: 5.03 | J69: =AVERAGE(I69:$I$71) -> 5.1333333
E70: MACHADO AUTO PARTS LTDA | F70: 17.180.692/0001-08 | G70: Cotação própria | H70: 45754 | I70: 6.19
E71: SAO LOURENCO COMERCIO DE PRODUTOS DE LIMPEZA LTDA | F71: 09.110.229/0001-53 | G71: DLE 20/2024 CM de Farroupilha | H71: 45670 | I71: 4.18
B72: 10.1.23 | C72: Luva de segurança tricotada em algodão e poliéster, punho elástico, banho em látex natural na palma, dedos e ponta dos dedos, anatômicas e flexíveis, alta resistência mecânica e ótima impermeabilidade na palma da mão. | D72: par | E72: BARÃOSEG LTDA | F72: 53.763.552/0001-18 | G72: PE 16/2024 PM de Estação | H72: 45436 | I72: 7.82 | J72: =AVERAGE(I72:$I$74) -> 8.27
E73: EXTINSOLDA MÁQUINAS E FERRAMENTAS LTDA | F73: 90.150.376/0001-75 | G73: Cotação própria | H73: 45779 | I73: 9.75
E74: NORMATEC EQUIPAMENTOS DE SEGURANCA LTDA | F74: 26.910.793/0001-70 | G74: Cotação própria | H74: 45758 | I74: 7.24
B75: 10.1.24 | C75: Luva multitato revestida com PU, punho elástico. | D75: par | E75: FACCINA DALTORA EQUIPAMENTOS DE SEGURANÇA LTDA | F75: 04.584.756/0001-86 | G75: PE 16/2024 PM de Estação | H75: 45436 | I75: 2.32 | J75: =AVERAGE(I75:$I$77) -> 2.8833333
E76: DIMENSIONAL BRASIL SOLUÇÕES LTDA | F76: 06.913.480/0015-63 | G76: Cotação própria | H76: 45754 | I76: 3.24
E77: PLENOBRAS DISTRIBUIDORA ELÉTRICA E HIDRÁULICA LTDA | F77: 72.313.828/0001-00 | G77: Cotação própria | H77: 45754 | I77: 3.09
B78: 10.1.25 | C78: Macacão operacional manga curta, material brim grosso (100% algodão), | D78: unidade | E78: PETTER UNIFORMES EIRELI | F78: 16.996.110/0001-95 | G78: PE 06/2025 PM de Camaquã | H78: 45741 | I78: 145.52 | J78: =AVERAGE(I78:$I$80) -> 146.52
E79: ARKUERO - COMERCIO DE FERRAMENTAS LTDA | F79: 28.503.687/0001-05 | G79: Cotação própria | H79: 45758 | I79: 157.39
E80: EXTINSOLDA MÁQUINAS E FERRAMENTAS LTDA | F80: 90.150.376/0001-75 | G80: Cotação própria | H80: 45758 | I80: 136.65
B81: 10.1.26 | C81: Macacão operacional manga longa, material brim grosso (100% algodão), | D81: unidade | E81: PETTER UNIFORMES EIRELI | F81: 16.996.110/0001-95 | G81: PE 06/2025 PM de Camaquã | H81: 45741 | I81: 136.03 | J81: =AVERAGE(I81:$I$83) -> 134.89
E82: FACCINA DALTORA EQUIPAMENTOS DE SEGURANÇA LTDA | F82: 04.584.756/0001-86 | G82: PE 01/2025 CONDESUS | H82: 45699 | I82: 123.01
E83: EXTINSOLDA MÁQUINAS E FERRAMENTAS LTDA | F83: 90.150.376/0001-75 | G83: Cotação própria | H83: 45758 | I83: 145.63
B84: 10.1.27 | C84: Meia de algodão com cano alto, tipo jogador de futebol. | D84: par | E84: B J DE QUADROS CONFECÇÃO DE UNIFORMES EIRELI | F84: 27.423.588/0001-42 | G84: PE 86/2024 PM de Parobé | H84: 45495 | I84: 18.76 | J84: =AVERAGE(I84:$I$86) -> 17.73
E85: FF.COM ESPORTES LTDA | F85: 05.328.923/0001-90 | G85: Cotação própria | H85: 45761 | I85: 17.74
E86: CASA E VIDEO BRASIL S/A | F86: 11.114.284/0001-63 | G86: Cotação própria | H86: 45761 | I86: 16.69
B87: 10.1.28 | C87: Óculos de proteção contra radiação solar | D87: unidade | E87: USE EPI EQUIPAMENTOS DE SEGURANÇA LTDA | F87: 20.136.094/0001-38 | G87: Cotação própria | H87: 45758 | I87: 5.24 | J87: =AVERAGE(I87:$I$89) -> 4.7966667
E88: ALL SAFE SOLUCOES EM SEGURANCA DO TRABALHO LTDA | F88: 28.005.188/0001-80 | G88: PE 2/2024 COMUR-NH | H88: 45644 | I88: 4.45
E89: SUPER EPI EQUIPAMENTOS DE PROTEÇÃO INDIVIDUAL LTDA | F89: 26.588.821/0002-65 | G89: Cotação própria | H89: 45758 | I89: 4.7
B90: 10.1.29 | C90: Óculos de segurança, com proteção lateral, lentes com proteção antiembaçante e antirrisco, com regulagem ajustável. | D90: unidade | E90: DESTRA BRASIL LTDA | F90: 10.900.700/0001-96 | G90: PE 16/2024 PM de Estação | H90: 45436 | I90: 2.68 | J90: =AVERAGE(I90:$I$92) -> 3.0066667
E91: FACCINA DALTORA EQUIPAMENTOS DE SEGURANÇA LTDA | F91: 04.584.756/0001-86 | G91: PE 01/2025 CONDESUS | H91: 45699 | I91: 2.68
E92: TAUFER COMERCIO DE EQUIPAMENTOS DE PROTECAO LTDA | F92: 13.468.347/0001-05 | G92: Cotação própria | H92: 45758 | I92: 3.66
B93: 10.1.30 | C93: Pá de lixo plástica com cabo. | D93: unidade | E93: JALE DISTRIBUIDORA LTDA | F93: 04.089.712/0001-80 | G93: Cotação própria | H93: 45769 | I93: 10.38 | J93: =AVERAGE(I93:$I$95) -> 9.4666667
E94: CENTERLAR COMERCIO DE UTILIDADES LTDA | F94: 05.951.362/0036-01 | G94: Cotação própria | H94: 45769 | I94: 10.49
E95: ART LIMP BRASIL LTDA | F95: 13.186.075/0001-50 | G95: Cotação própria | H95: 45785 | I95: 7.53
B96: 10.1.31 | C96: Papel toalha interfolha 20cmx21cm, pacote com 1.000 folhas. | D96: pacote | E96: WE COMERCIO DE PRODUTOS E UTILIDADES DOMESTICAS EIRELI | F96: 30.986.684/0001-03 | G96: PE 23/2024 CODECA | H96: 45418 | I96: 14.25 | J96: =AVERAGE(I96:$I$98) -> 13.38
E97: MEGALIMPO HIGIENE E LIMPEZA | F97: 44.910.500/0001-36 | G97: Cotação própria | H97: 45965 | I97: 11.39
E98: BHB PRODUTOS E EQUIPAMENTOS DE LIMPEZA LTDA | F98: 52.767.645/0001-58 | G98: Cotação própria | H98: 45965 | I98: 14.5
B99: 10.1.32 | C99: Protetor solar FPS 30, com repelente, embalagem de 120 ml. | D99: frasco | E99: INFRAEASY SOLUÇÕES LTDA | F99: 14.553.228/0001-13 | G99: PE 57/2024 PM de Arroio do Tigre | H99: 45625 | I99: 14.37 | J99: =AVERAGE(I99:$I$101) -> 14.9
E100: EPI'S ONLINE COMERCIO LTDA | F100: 22.712006/0001-24 | G100: Cotação própria | H100: 45758 | I100: 14.59
E101: NEOBETEL EPI, EQUIPAMENTOS DE PROTEÇÃO INDIVIDUAL LTDA | F101: 25.464.260/0001-49 | G101: Cotação própria | H101: 45965 | I101: 15.74
B102: 10.1.33 | C102: Recipiente contentor de lixo, capacidade 200 litros, com tampa. | D102: unidade | E102: COMERCIAL WADY LTDA | F102: 51.254.493/0001-27 | G102: PE 21/2024 ESP-CPP. DE HORTOLANDIA | H102: 45783 | I102: 230.34 | J102: =AVERAGE(I102:$I$104) -> 247.79667
...

Sheet IPCA
A1: PERÍODO | B1: ÍNDICE IPCA | C1: VALOR NO PERÍODO | D1: VALOR ATUALIZADO
A2: 2024.01 | B2: 6801.72 | D2: =C2/B2*$B$30 -> 0
A3: 2024.02 | B3: 6858.17 | D3: =C3/B3*$B$30 -> 0
A4: 2024.03 | B4: 6869.14 | D4: =C4/B4*$B$30 -> 0
A5: 2024.04 | B5: 6895.24 | D5: =C5/B5*$B$30 -> 0
A6: 2024.05 | B6: 6926.96 | D6: =C6/B6*$B$30 -> 0
A7: 2024.06 | B7: 6941.51 | C7: 44.5 | D7: =C7/B7*$B$30 -> 48.978778
A8: 2024.07 | B8: 6967.89 | C8: 36.57 | D8: =C8/B8*$B$30 -> 40.098263
A9: 2024.08 | B9: 6966.5 | D9: =C9/B9*$B$30 -> 0
A10: 2024.09 | B10: 6997.15 | D10: =C10/B10*$B$30 -> 0
A11: 2024.10 | B11: 7036.33 | C11: 8.6 | D11: =C11/B11*$B$30 -> 9.3380058
A12: 2024.11 | B12: 7063.77 | C12: 8.36 | D12: =C12/B12*$B$30 -> 9.042148
A13: 2024.12 | B13: 7100.5 | C13: 8 | D13: =C13/B13*$B$30 -> 8.6080135
A14: 2025.01 | B14: 7111.86 | D14: =C14/B14*$B$30 -> 0
A15: 2025.02 | B15: 7205.03 | D15: =C15/B15*$B$30 -> 0
A16: 2025.03 | B16: 7245.38 | D16: =C16/B16*$B$30 -> 0
A17: 2025.04 | B17: 7276.54 | C17: 85 | D17: =C17/B17*$B$30 -> 89.247465
A18: 2025.05 | B18: 7295.46 | D18: =C18/B18*$B$30 -> 0
A19: 2025.06 | B19: 7312.97 | C19: 7.85 | D19: =C19/B19*$B$30 -> 8.2012066
A20: 2025.07 | B20: 7331.98 | D20: =C20/B20*$B$30 -> 0
A21: 2025.08 | B21: 7323.91 | D21: =C21/B21*$B$30 -> 0
A22: 2025.09 | B22: 7359.06 | D22: =C22/B22*$B$30 -> 0
A23: 2025.10 | B23: 7365.68 | D23: =C23/B23*$B$30 -> 0
A24: 2025.11 | B24: 7378.94 | C24: 37.02 | D24: =C24/B24*$B$30 -> 38.330486
A25: 2025.12 | B25: 7403.29 | D25: =C25/B25*$B$30 -> 0
A26: 2026.01 | B26: 7427.72 | D26: =C26/B26*$B$30 -> 0
A27: 2026.02 | B27: 7479.71 | D27: =C27/B27*$B$30 -> 0
A28: 2026.03 | B28: 7545.53 | D28: =C28/B28*$B$30 -> 0
A29: 2026.04 | B29: 7596.09 | D29: =C29/B29*$B$30 -> 0
A30: 2026.05 | B30: 7640.15 | D30: =C30/B30*$B$30 -> 0
